Workbook
Name Altasporespecialidade: #REF!
Name Altasporunidade: #REF!
Name Ambulatóriodereferência: #REF!
Name Anestesia: #REF!
Name Atividadessociais: #REF!
Name Centrocirúrgico: #REF!
Name Centroobstétrico: #REF!
Name CME: #REF!
Name DP: #REF!
Name Ecocardiograma: #REF!
Name Eletrocardiograma: #REF!
Name Endoscopiadigestivaalta: #REF!
Name Endoscopiadigestivabaixa: #REF!
Name Examesexternos: #REF!
Name Fisioterapia: #REF!
Name Hemodiálises: #REF!
Name Hemoterapia: #REF!
Name indice: #REF!
Name Índicedegirodeleitosunidade: #REF!
Name Internaçõesporespecialidade: #REF!
Name Internaçõesporfaixaetária: #REF!
Name Internaçõespormunicípio: #REF!
Name Internaçõesporunidade: #REF!
Name Laboratóriodeanálisesclínicas: #REF!
Name Leitosdiaporespecialidade: #REF!
Name Leitosdiaporunidade: #REF!
Name Leitosporunidade: #REF!
Name Manutenção: #REF!
Name Médiadepermanênciaporunidade: #REF!
Name Médiadiáriadepacientesporunidade: #REF!
Name Nutriçãodietética: #REF!
Name Óbitosinstitucionais: #REF!
Name Óbitosnãoinstitucionais: #REF!
Name Óbitosporespecialidade: #REF!
Name Óbitosporfaixaetária: #REF!
Name Óbitosporunidade: #REF!
Name Pacientesdiaporespecialidade: #REF!
Name Pacientesdiaporunidade: #REF!
Name Pacientessaídosespecialidade: #REF!
Name Pacientessaídosporunidade: #REF!
Name Porcentagemdeocupaçãoporunidade: #REF!
Name Processamentoroupa: #REF!
Name Radiologia: #REF!
Name Ressonância: #REF!
Name Resumogeral: #REF!
Name Taxademortalidadeportipo: #REF!
Name Taxademortalidadeporunidade: #REF!
Name Testeergométrico: #REF!
Name Tomografia: #REF!
Name Transferênciainternaporunidadeenviada: #REF!
Name Transferênciainternaporunidaderecebida: #REF!
Name Ultrasonografia: #REF!

Sheet Plano Estatístico Analitic 2021
B1: PLANO ESTATÍSTICO 2021
A2: CENTRO INTEGRADO DE INCLUSÃO E REABILITAÇÃO - CIIR
A4: PLANO ESTATÍSTICO | B4: JAN | C4: FEV | D4: MAR | E4: ABR | F4: MAI | G4: JUN | H4: JUL | I4: AGO | J4: SET | K4: OUT | L4: NOV | M4: DEZ | N4: ACUM | O4: MÉDIA
A5: 1 - Estatística do Ambulatório
A6: 1.1. Nº de Consultórios e Salas
A7: Consultórios | B7: 20 | C7: 20 | D7: 20 | E7: 20 | F7: 20 | G7: 20 | H7: 20 | I7: 20 | J7: 20 | K7: 20 | L7: 20 | M7: 20 | N7: =INDEX(B7:M7,COUNT(B7:M7)) -> 20 | O7: =IF(N7=0,0,AVERAGE(B7:M7)) -> 20
A8: Salas de Triagem | B8: 2 | C8: 2 | D8: 2 | E8: 2 | F8: 2 | G8: 2 | H8: 2 | I8: 2 | J8: 2 | K8: 2 | L8: 2 | M8: 2 | N8: =INDEX(B8:M8,COUNT(B8:M8)) -> 2 | O8: =IF(N8=0,0,AVERAGE(B8:M8)) -> 2
A9: Salas de Terapias | B9: 5 | C9: 5 | D9: 5 | E9: 5 | F9: 5 | G9: 5 | H9: 5 | I9: 5 | J9: 5 | K9: 5 | L9: 5 | M9: 5 | N9: =INDEX(B9:M9,COUNT(B9:M9)) -> 5 | O9: =IF(N9=0,0,AVERAGE(B9:M9)) -> 5
A10: Salas de Reabilitações | B10: 10 | C10: 10 | D10: 10 | E10: 10 | F10: 10 | G10: 10 | H10: 10 | I10: 10 | J10: 10 | K10: 10 | L10: 10 | M10: 10 | N10: =INDEX(B10:M10,COUNT(B10:M10)) -> 10 | O10: =IF(N10=0,0,AVERAGE(B10:M10)) -> 10
A11: Consultórios Odontológicos | B11: 4 | C11: 4 | D11: 4 | E11: 4 | F11: 4 | G11: 4 | H11: 4 | I11: 4 | J11: 4 | K11: 4 | L11: 4 | M11: 4 | N11: =INDEX(B11:M11,COUNT(B11:M11)) -> 4 | O11: =IF(N11=0,0,AVERAGE(B11:M11)) -> 4
A12: Salas de Exames | B12: 17 | C12: 17 | D12: 17 | E12: 17 | F12: 17 | G12: 17 | H12: 17 | I12: 17 | J12: 17 | K12: 17 | L12: 17 | M12: 17 | N12: =INDEX(B12:M12,COUNT(B12:M12)) -> 17 | O12: =IF(N12=0,0,AVERAGE(B12:M12)) -> 17
A13: Salas de Terapias - NATEA | B13: 23 | C13: 23 | D13: 23 | E13: 23 | F13: 23 | G13: 23 | H13: 23 | I13: 23 | J13: 23 | K13: 23 | L13: 23 | M13: 23 | N13: =INDEX(B13:M13,COUNT(B13:M13)) -> 23 | O13: =IF(N13=0,0,AVERAGE(B13:M13)) -> 23
A14: Total | B14: =SUM(B7:B13) -> 81 | C14: =SUM(C7:C13) -> 81 | D14: =SUM(D7:D13) -> 81 | E14: =SUM(E7:E13) -> 81 | F14: =SUM(F7:F13) -> 81 | G14: =SUM(G7:G13) -> 81 | H14: =SUM(H7:H13) -> 81 | I14: =SUM(I7:I13) -> 81 | ... O14: =SUM(O7:O13) -> 81
A16: 1.2. Nº de Atendimentos Ambulatoriais
A17: Atendimentos Médicos | B17: =SUM(B26:B27,B29:B39,B52:B54,B57:B65) -> 3048 | C17: =SUM(C26:C27,C29:C39,C52:C54,C57:C65) -> 3044 | D17: =SUM(D26:D27,D29:D39,D52:D54,D57:D65) -> 3463 | E17: =SUM(E26:E27,E29:E39,E52:E54,E57:E65) -> 3289 | F17: =SUM(F26:F27,F29:F39,F52:F54,F57:F65) -> 3832 | G17: =SUM(G26:G27,G29:G39,G52:G54,G57:G65) -> 4087 | H17: =SUM(H26:H27,H29:H39,H52:H54,H57:H65) -> 4151 | I17: =SUM(I26:I27,I29:I39,I52:I54,I57:I65) -> 4323 | ... M17: =SUM(M26:M27,M29:M39,M52:M54,M57:M65) -> 3918 | N17: =SUM(B17:M17) -> 45494 | O17: =IF(N17=0,0,AVERAGE(B17:M17)) -> 3791.1667
A18: Atendimentos Não Médicos (Enfermagem e Nutrição) | B18: =SUM(B47:B48,B28) -> 509 | C18: =SUM(C47:C48,C28) -> 346 | D18: =SUM(D47:D48,D28) -> 440 | E18: =SUM(E47:E48,E28) -> 463 | F18: =SUM(F47:F48,F28) -> 668 | G18: =SUM(G47:G48,G28) -> 481 | H18: =SUM(H47:H48,H28) -> 468 | I18: =SUM(I47:I48,I28) -> 412 | ... M18: =SUM(M47:M48,M28) -> 411 | N18: =SUM(B18:M18) -> 5804 | O18: =IF(N18=0,0,AVERAGE(B18:M18)) -> 483.66667
A19: Procedimentos Terapêuticos CER IV e NATEA | B19: =SUM(B44:B46,B49:B51,B55)-B22 -> 7526 | C19: =SUM(C44:C46,C49:C51,C55)-C22 -> 7001 | D19: =SUM(D44:D46,D49:D51,D55)-D22 -> 5518 | E19: =SUM(E44:E46,E49:E51,E55)-E22 -> 9387 | F19: =SUM(F44:F46,F49:F51,F55)-F22 -> 12109 | G19: =SUM(G44:G46,G49:G51,G55)-G22 -> 11449 | H19: =SUM(H44:H46,H49:H51,H55)-H22 -> 14980 | I19: =SUM(I44:I46,I49:I51,I55)-I22 -> 11465 | ... M19: =SUM(M44:M46,M49:M51,M55)-M22 -> 9591 | N19: =SUM(B19:M19) -> 122085 | O19: =IF(N19=0,0,AVERAGE(B19:M19)) -> 10173.75
A20: Procedimentos Odontológicos CEO 2 | B20: =SUM(B40:B43) -> 1213 | C20: =SUM(C40:C43) -> 1208 | D20: =SUM(D40:D43) -> 1131 | E20: =SUM(E40:E43) -> 1132 | F20: =SUM(F40:F43) -> 1456 | G20: =SUM(G40:G43) -> 1480 | H20: =SUM(H40:H43) -> 1763 | I20: =SUM(I40:I43) -> 1566 | ... M20: =SUM(M40:M43) -> 1268 | N20: =SUM(B20:M20) -> 17098 | O20: =IF(N20=0,0,AVERAGE(B20:M20)) -> 1424.8333
A21: Prótese Buco-Maxilo-Facial | B21: =B56 -> 21 | C21: =C56 -> 18 | D21: =D56 -> 5 | E21: =E56 -> 16 | F21: =F56 -> 11 | G21: =G56 -> 23 | H21: =H56 -> 13 | I21: =I56 -> 37 | ... M21: =M56 -> 30 | N21: =SUM(B21:M21) -> 240 | O21: =IF(N21=0,0,AVERAGE(B21:M21)) -> 20
A22: Procedimentos Terapeuticos da Oficina | B22: =SUM(B131:B132) -> 278 | C22: =SUM(C131:C132) -> 228 | D22: =SUM(D131:D132) -> 259 | E22: =SUM(E131:E132) -> 188 | F22: =SUM(F131:F132) -> 247 | G22: =SUM(G131:G132) -> 279 | H22: =SUM(H131:H132) -> 389 | I22: =SUM(I131:I132) -> 392 | ... M22: =SUM(M131:M132) -> 315 | N22: =SUM(B22:M22) -> 3696 | O22: =IF(N22=0,0,AVERAGE(B22:M22)) -> 308
A23: Total | B23: =IF(SUM(B17:B22)=0,"",SUM(B17:B22)) -> 12595 | C23: =IF(SUM(C17:C22)=0,"",SUM(C17:C22)) -> 11845 | D23: =IF(SUM(D17:D22)=0,"",SUM(D17:D22)) -> 10816 | E23: =IF(SUM(E17:E22)=0,"",SUM(E17:E22)) -> 14475 | F23: =IF(SUM(F17:F22)=0,"",SUM(F17:F22)) -> 18323 | G23: =IF(SUM(G17:G22)=0,"",SUM(G17:G22)) -> 17799 | H23: =IF(SUM(H17:H22)=0,"",SUM(H17:H22)) -> 21764 | I23: =IF(SUM(I17:I22)=0,"",SUM(I17:I22)) -> 18195 | ... O23: =IF(SUM(O17:O22)=0,"",SUM(O17:O22)) -> 16201.417
A25: 1.3. Nº de Atendimentos Ambulatoriais - Por Especialidade
A26: Anestesiologia | B26: 111 | C26: 64 | D26: 105 | E26: 80 | F26: 85 | G26: 77 | H26: 98 | I26: 134 | J26: 100 | K26: 100 | L26: 115 | M26: 94 | N26: =SUM(B26:M26) -> 1163 | O26: =IF(N26=0,0,AVERAGE(B26:M26)) -> 96.916667
A27: Clínica Médica | B27: 256 | C27: 250 | D27: 291 | E27: 326 | F27: 332 | G27: 379 | H27: 328 | I27: 432 | J27: 404 | K27: 408 | L27: 321 | M27: 385 | N27: =SUM(B27:M27) -> 4112 | O27: =IF(N27=0,0,AVERAGE(B27:M27)) -> 342.66667
A28: Farmacologia Clinica | B28: 2 | C28: 1 | D28: 2 | F28: 1 | H28: 2 | N28: =SUM(B28:M28) -> 8 | O28: =IF(N28=0,0,AVERAGE(B28:M28)) -> 1.6
A29: Cardiologista | B29: 97 | C29: 90 | D29: 96 | E29: 106 | F29: 105 | G29: 105 | H29: 68 | I29: 101 | J29: 93 | K29: 97 | L29: 101 | M29: 92 | N29: =SUM(B29:M29) -> 1151 | O29: =IF(N29=0,0,AVERAGE(B29:M29)) -> 95.916667
A30: Fisiatra | B30: 148 | C30: 153 | D30: 202 | E30: 150 | F30: 164 | G30: 220 | H30: 205 | I30: 266 | J30: 241 | K30: 242 | L30: 274 | M30: 186 | N30: =SUM(B30:M30) -> 2451 | O30: =IF(N30=0,0,AVERAGE(B30:M30)) -> 204.25
A31: Geneticista | B31: 80 | C31: 77 | D31: 70 | E31: 54 | F31: 82 | G31: 63 | H31: 59 | I31: 57 | J31: 87 | K31: 84 | L31: 85 | M31: 51 | N31: =SUM(B31:M31) -> 849 | O31: =IF(N31=0,0,AVERAGE(B31:M31)) -> 70.75
A32: Neurologia Adulto | B32: 149 | C32: 141 | D32: 169 | E32: 156 | F32: 164 | G32: 180 | H32: 164 | I32: 167 | J32: 155 | K32: 176 | L32: 193 | M32: 158 | N32: =SUM(B32:M32) -> 1972 | O32: =IF(N32=0,0,AVERAGE(B32:M32)) -> 164.33333
A33: Neurologia Infantil | B33: 346 | C33: 310 | D33: 248 | E33: 300 | F33: 267 | G33: 331 | H33: 350 | I33: 381 | J33: 322 | K33: 380 | L33: 336 | M33: 325 | N33: =SUM(B33:M33) -> 3896 | O33: =IF(N33=0,0,AVERAGE(B33:M33)) -> 324.66667
A34: Oftalmologista | B34: 184 | C34: 239 | D34: 266 | E34: 286 | F34: 291 | G34: 300 | H34: =287+1 -> 288 | I34: 295 | J34: 283 | K34: 301 | L34: 286 | M34: 282 | N34: =SUM(B34:M34) -> 3301 | O34: =IF(N34=0,0,AVERAGE(B34:M34)) -> 275.08333
A35: Ortopedista Adulto | B35: 102 | C35: 107 | D35: 139 | E35: 88 | F35: 113 | G35: 149 | H35: 99 | I35: 120 | J35: 85 | K35: 90 | L35: 105 | M35: 95 | N35: =SUM(B35:M35) -> 1292 | O35: =IF(N35=0,0,AVERAGE(B35:M35)) -> 107.66667
A36: Otorrinolaringologista | B36: 321 | C36: 308 | D36: 363 | E36: 355 | F36: 385 | G36: 411 | H36: 513 | I36: 348 | J36: 384 | K36: 352 | L36: 355 | M36: 326 | N36: =SUM(B36:M36) -> 4421 | O36: =IF(N36=0,0,AVERAGE(B36:M36)) -> 368.41667
A37: Urologista | B37: 37 | C37: 52 | D37: 66 | E37: 55 | F37: 53 | G37: 45 | H37: 50 | I37: 53 | J37: 51 | K37: 43 | L37: 55 | M37: 45 | N37: =SUM(B37:M37) -> 605 | O37: =IF(N37=0,0,AVERAGE(B37:M37)) -> 50.416667
A38: Proctogastroenterologia | B38: 94 | C38: 77 | D38: 92 | E38: 104 | F38: 89 | G38: 97 | H38: 99 | I38: 85 | J38: 83 | K38: 87 | L38: 89 | M38: 88 | N38: =SUM(B38:M38) -> 1084 | O38: =IF(N38=0,0,AVERAGE(B38:M38)) -> 90.333333
A39: Psiquiatra | B39: 266 | C39: 238 | D39: 370 | E39: 306 | F39: 513 | G39: 426 | H39: 471 | I39: 429 | J39: 438 | K39: 411 | L39: 485 | M39: 476 | N39: =SUM(B39:M39) -> 4829 | O39: =IF(N39=0,0,AVERAGE(B39:M39)) -> 402.41667
A40: Cirurgião Dentista Esp. Necessidades Especiais | B40: =B124 -> 731 | C40: 593 | D40: 455 | E40: 522 | F40: 670 | G40: 642 | H40: 780 | I40: 692 | J40: 674 | K40: 780 | L40: 724 | M40: 562 | N40: =SUM(B40:M40) -> 7825 | O40: =IF(N40=0,0,AVERAGE(B40:M40)) -> 652.08333
A41: Cirurgião Dentista Esp. Endodontia | B41: =B125 -> 273 | C41: 64 | D41: 89 | E41: 68 | F41: 99 | G41: 110 | H41: =180+1 -> 181 | I41: 105 | J41: 94 | K41: 113 | L41: 90 | M41: 80 | N41: =SUM(B41:M41) -> 1366 | O41: =IF(N41=0,0,AVERAGE(B41:M41)) -> 113.83333
A42: Cirurgião Dentista Esp. Periodontia | B42: =B126 -> 72 | C42: 366 | D42: 391 | E42: 387 | F42: 515 | G42: 471 | H42: 551 | I42: 492 | J42: 497 | K42: 513 | L42: 574 | M42: 500 | N42: =SUM(B42:M42) -> 5329 | O42: =IF(N42=0,0,AVERAGE(B42:M42)) -> 444.08333
A43: Cirurgião Dentista Esp. Buco Maxilo Facial | B43: 137 | C43: 185 | D43: 196 | E43: 155 | F43: 172 | G43: 257 | H43: 251 | I43: 277 | J43: 239 | K43: 261 | L43: 322 | M43: 126 | N43: =SUM(B43:M43) -> 2578 | O43: =IF(N43=0,0,AVERAGE(B43:M43)) -> 214.83333
A44: Fisioterapia | B44: 1619 | C44: 1421 | D44: 928 | E44: 1642 | F44: 1844 | G44: 1337 | H44: 1697 | I44: 1855 | J44: 1378 | K44: 1616 | L44: 2134 | M44: 1573 | N44: =SUM(B44:M44) -> 19044 | O44: =IF(N44=0,0,AVERAGE(B44:M44)) -> 1587
A45: Terapia Ocupacional | B45: 2305 | C45: 2026 | D45: 1450 | E45: 2368 | F45: 3145 | G45: 2980 | H45: 4384 | I45: 3052 | J45: 2701 | K45: 2806 | L45: 3470 | M45: 2840 | N45: =SUM(B45:M45) -> 33527 | O45: =IF(N45=0,0,AVERAGE(B45:M45)) -> 2793.9167
A46: Fonoaudiologia | B46: 1369 | C46: 1299 | D46: 1079 | E46: 1607 | F46: 1827 | G46: 1480 | H46: 2351 | I46: 1850 | J46: 1725 | K46: 1797 | L46: 1979 | M46: 1535 | N46: =SUM(B46:M46) -> 19898 | O46: =IF(N46=0,0,AVERAGE(B46:M46)) -> 1658.1667
A47: Enfermagem | B47: 348 | C47: 187 | D47: 278 | E47: 221 | F47: 422 | G47: 251 | H47: 301 | I47: 259 | J47: 297 | K47: 356 | L47: 320 | M47: 278 | N47: =SUM(B47:M47) -> 3518 | O47: =IF(N47=0,0,AVERAGE(B47:M47)) -> 293.16667
A48: Nutrição | B48: 159 | C48: 158 | D48: 160 | E48: 242 | F48: 245 | G48: 230 | H48: 165 | I48: 153 | J48: 248 | K48: 208 | L48: 177 | M48: 133 | N48: =SUM(B48:M48) -> 2278 | O48: =IF(N48=0,0,AVERAGE(B48:M48)) -> 189.83333
A49: Pedagogia/Psicopedagogia | B49: 453 | C49: 526 | D49: 571 | E49: 1164 | F49: 1618 | G49: 2111 | H49: 2112 | I49: 1515 | J49: 1828 | K49: 1529 | L49: 1557 | M49: 1152 | N49: =SUM(B49:M49) -> 16136 | O49: =IF(N49=0,0,AVERAGE(B49:M49)) -> 1344.6667
A50: Psicologia | B50: 1727 | C50: 1606 | D50: 1345 | E50: 2063 | F50: 2993 | G50: 2511 | H50: 3155 | I50: 2256 | J50: 1937 | K50: 2161 | L50: 2480 | M50: 1813 | N50: =SUM(B50:M50) -> 26047 | O50: =IF(N50=0,0,AVERAGE(B50:M50)) -> 2170.5833
A51: Educação Física | B51: 163 | C51: 175 | D51: 232 | E51: 409 | F51: 412 | G51: 606 | H51: 739 | I51: 733 | J51: 511 | K51: 334 | L51: 315 | M51: 425 | N51: =SUM(B51:M51) -> 5054 | O51: =IF(N51=0,0,AVERAGE(B51:M51)) -> 421.16667
A52: Pediatria | B52: 80 | C52: 78 | D52: 112 | E52: 74 | F52: 104 | G52: 114 | H52: 123 | I52: 137 | J52: 119 | K52: 141 | L52: 129 | M52: 131 | N52: =SUM(B52:M52) -> 1342 | O52: =IF(N52=0,0,AVERAGE(B52:M52)) -> 111.83333
A53: Reumatologia | B53: 58 | C53: 86 | D53: 79 | E53: 75 | F53: 80 | G53: 88 | H53: 84 | I53: 82 | J53: 78 | K53: 82 | L53: 75 | M53: 68 | N53: =SUM(B53:M53) -> 935 | O53: =IF(N53=0,0,AVERAGE(B53:M53)) -> 77.916667
A54: Ortopedia Pediátrica | B54: 304 | C54: 304 | D54: 348 | E54: 286 | F54: 407 | G54: 480 | H54: 422 | I54: 471 | J54: 440 | K54: 433 | L54: 451 | M54: 470 | N54: =SUM(B54:M54) -> 4816 | O54: =IF(N54=0,0,AVERAGE(B54:M54)) -> 401.33333
... A65: Urologista Pediátrica | B65: 14 | C65: 10 | D65: 16 | E65: 26 | F65: 27 | G65: 61 | H65: 36 | I65: 88 | J65: 44 | K65: 45 | L65: 67 | M65: 47 | N65: =SUM(B65:M65) -> 481 | O65: =IF(N65=0,0,AVERAGE(B65:M65)) -> 40.083333
A66: Total | B66: =IF(SUM(B26:B65)=0,"",SUM(B26:B65)) -> 12595 | C66: =IF(SUM(C26:C65)=0,"",SUM(C26:C65)) -> 11845 | D66: =IF(SUM(D26:D65)=0,"",SUM(D26:D65)) -> 10816 | E66: =IF(SUM(E26:E65)=0,"",SUM(E26:E65)) -> 14475 | F66: =IF(SUM(F26:F65)=0,"",SUM(F26:F65)) -> 18323 | G66: =IF(SUM(G26:G65)=0,"",SUM(G26:G65)) -> 17799 | H66: =IF(SUM(H26:H65)=0,"",SUM(H26:H65)) -> 21764 | I66: =IF(SUM(I26:I65)=0,"",SUM(I26:I65)) -> 18195 | ... M66: =IF(SUM(M26:M65)=0,"",SUM(M26:M65)) -> 15533 | N66: =SUM(B66:M66) -> 194417 | O66: =IF(N66=0,0,AVERAGE(B66:M66)) -> 16201.417
A68: 1.4. Nº de Avaliação Global
A69: Auditiva | B69: 7 | C69: 7 | D69: 12 | E69: 8 | F69: 13 | G69: 15 | H69: 6 | I69: 12 | J69: 10 | K69: 7 | L69: 2 | N69: =SUM(B69:M69) -> 99 | O69: =IF(N69=0,0,AVERAGE(B69:M69)) -> 9
A70: Física | B70: 24 | C70: 5 | D70: 18 | E70: 18 | F70: 3 | H70: 2 | I70: 2 | J70: 4 | K70: 8 | L70: 20 | M70: 9 | N70: =SUM(B70:M70) -> 113 | O70: =IF(N70=0,0,AVERAGE(B70:M70)) -> 10.272727
A71: Intelectual | B71: 4 | C71: 1 | D71: 15 | E71: 3 | F71: 27 | G71: 15 | H71: 4 | I71: 3 | J71: 4 | K71: 15 | L71: 3 | M71: 14 | N71: =SUM(B71:M71) -> 108 | O71: =IF(N71=0,0,AVERAGE(B71:M71)) -> 9
A72: Visual | B72: 1 | C72: 2 | D72: 1 | E72: 2 | F72: 5 | G72: 5 | H72: 1 | J72: 3 | K72: 2 | L72: 5 | M72: 6 | N72: =SUM(B72:M72) -> 33 | O72: =IF(N72=0,0,AVERAGE(B72:M72)) -> 3
A73: Estimulação | B73: 11 | C73: 3 | D73: 13 | E73: 15 | F73: 22 | G73: 12 | H73: 28 | I73: 6 | J73: 3 | N73: =SUM(B73:M73) -> 113 | O73: =IF(N73=0,0,AVERAGE(B73:M73)) -> 12.555556
A74: Total | B74: =IF(SUM(B69:B73)=0,"",SUM(B69:B73)) -> 47 | C74: =IF(SUM(C69:C73)=0,"",SUM(C69:C73)) -> 18 | D74: =IF(SUM(D69:D73)=0,"",SUM(D69:D73)) -> 59 | E74: =IF(SUM(E69:E73)=0,"",SUM(E69:E73)) -> 46 | F74: =IF(SUM(F69:F73)=0,"",SUM(F69:F73)) -> 70 | G74: =IF(SUM(G69:G73)=0,"",SUM(G69:G73)) -> 47 | H74: =IF(SUM(H69:H73)=0,"",SUM(H69:H73)) -> 41 | I74: =IF(SUM(I69:I73)=0,"",SUM(I69:I73)) -> 23 | ... M74: =IF(SUM(M69:M73)=0,"",SUM(M69:M73)) -> 29 | N74: =SUM(N69:N73) -> 466 | O74: =SUM(O69:O73) -> 43.828283
A76: 1.5. N° de Usuários Ativos em Reabilitação
A77: Auditiva | B77: 176 | C77: 186 | D77: 197 | E77: 200 | F77: 208 | G77: 218 | H77: 214 | I77: 216 | J77: 204 | K77: 212 | L77: 213 | M77: 215 | N77: =INDEX(B77:M77,COUNT(B77:M77)) -> 215 | O77: =IF(N77=0,0,AVERAGE(B77:M77)) -> 204.91667
A78: Física | B78: 261 | C78: 268 | D78: 278 | E78: 301 | F78: 302 | G78: 301 | H78: 298 | I78: 294 | J78: 296 | K78: 290 | L78: 290 | M78: 282 | N78: =INDEX(B78:M78,COUNT(B78:M78)) -> 282 | O78: =IF(N78=0,0,AVERAGE(B78:M78)) -> 288.41667
A79: Intelectual | B79: 235 | C79: 223 | D79: 218 | E79: 212 | F79: 206 | G79: 232 | H79: 242 | I79: 241 | J79: 244 | K79: 247 | L79: 247 | M79: 240 | N79: =INDEX(B79:M79,COUNT(B79:M79)) -> 240 | O79: =IF(N79=0,0,AVERAGE(B79:M79)) -> 232.25
A80: Visual | B80: 110 | C80: 111 | D80: 110 | E80: 108 | F80: 112 | G80: 113 | H80: 112 | I80: 112 | J80: 114 | K80: 115 | L80: 115 | M80: 113 | N80: =INDEX(B80:M80,COUNT(B80:M80)) -> 113 | O80: =IF(N80=0,0,AVERAGE(B80:M80)) -> 112.08333
A81: Estimulação Precoce | B81: 39 | C81: 41 | D81: 47 | E81: 54 | F81: 66 | G81: 77 | H81: 92 | I81: 98 | J81: 99 | K81: 98 | L81: 96 | M81: 93 | N81: =SUM(B81:M81) -> 900 | O81: =IF(N81=0,0,AVERAGE(B81:M81)) -> 75
A82: Total | B82: =IF(SUM(B77:B81)=0,"",SUM(B77:B81)) -> 821 | C82: =IF(SUM(C77:C81)=0,"",SUM(C77:C81)) -> 829 | D82: =IF(SUM(D77:D81)=0,"",SUM(D77:D81)) -> 850 | E82: =IF(SUM(E77:E81)=0,"",SUM(E77:E81)) -> 875 | F82: =IF(SUM(F77:F81)=0,"",SUM(F77:F81)) -> 894 | G82: =IF(SUM(G77:G81)=0,"",SUM(G77:G81)) -> 941 | H82: =IF(SUM(H77:H81)=0,"",SUM(H77:H81)) -> 958 | I82: =IF(SUM(I77:I81)=0,"",SUM(I77:I81)) -> 961 | ... M82: =IF(SUM(M77:M81)=0,"",SUM(M77:M81)) -> 943 | N82: =INDEX(B82:M82,COUNT(B82:M82)) -> 943 | O82: =SUM(O77:O80) -> 837.66667
A84: 1.6. N° de Usuários Inativos em Reabilitação
A85: Auditiva | N85: =SUM(B85:M85) -> 0 | O85: =IFERROR(IF(N85=0,0,AVERAGE(B85:M85)),"") -> 0
A86: Física | H86: 3 | I86: 3 | K86: 2 | L86: 10 | M86: 5 | N86: =SUM(B86:M86) -> 23 | O86: =IF(N86=0,0,AVERAGE(B86:M86)) -> 4.6
A87: Intelectual | K87: 3 | L87: 2 | N87: =SUM(B87:M87) -> 5 | O87: =IF(N87=0,0,AVERAGE(B87:M87)) -> 2.5
A88: Visual | L88: 1 | M88: 2 | N88: =SUM(B88:M88) -> 3 | O88: =IF(N88=0,0,AVERAGE(B88:M88)) -> 1.5
A89: Estimulação Precoce | L89: 1 | N89: =SUM(B89:M89) -> 1 | O89: =IF(N89=0,0,AVERAGE(B89:M89)) -> 1
A90: Total | B90: =IF(SUM(B85:B89)=0,"",SUM(B85:B89)) | C90: =IF(SUM(C85:C89)=0,"",SUM(C85:C89)) | D90: =IF(SUM(D85:D89)=0,"",SUM(D85:D89)) | E90: =IF(SUM(E85:E89)=0,"",SUM(E85:E89)) | F90: =IF(SUM(F85:F89)=0,"",SUM(F85:F89)) | G90: =IF(SUM(G85:G89)=0,"",SUM(G85:G89)) | H90: =IF(SUM(H85:H89)=0,"",SUM(H85:H89)) -> 3 | I90: =IF(SUM(I85:I89)=0,"",SUM(I85:I89)) -> 3 | ... M90: =IF(SUM(M85:M89)=0,"",SUM(M85:M89)) -> 7 | N90: =SUM(B90:M90) -> 32 | O90: =SUM(O85:O88) -> 8.6
A92: 1.7. N° de Novos Usuários em Reabilitação
A93: Auditiva | B93: 2 | C93: 11 | D93: 16 | E93: 8 | F93: 9 | G93: 12 | H93: 10 | I93: 3 | J93: 4 | K93: 9 | L93: 1 | M93: 2 | N93: =SUM(B93:M93) -> 87 | O93: =IF(N93=0,0,AVERAGE(B93:M93)) -> 7.25
A94: Física | B94: 12 | C94: 11 | D94: 14 | E94: 25 | F94: 2 | G94: 4 | H94: 4 | I94: 4 | J94: 5 | K94: 10 | L94: 20 | M94: 9 | N94: =SUM(B94:M94) -> 120 | O94: =IF(N94=0,0,AVERAGE(B94:M94)) -> 10
A95: Intelectual | B95: 5 | C95: 3 | D95: 12 | E95: 2 | F95: 13 | G95: 33 | H95: 11 | J95: 4 | K95: 14 | L95: 2 | M95: 12 | N95: =SUM(B95:M95) -> 111 | O95: =IF(N95=0,0,AVERAGE(B95:M95)) -> 10.090909
A96: Visual | C96: 1 | D96: 1 | E96: 1 | F96: 4 | G96: 1 | H96: 2 | J96: 2 | K96: 2 | L96: 3 | M96: 3 | N96: =SUM(B96:M96) -> 20 | O96: =IF(N96=0,0,AVERAGE(B96:M96)) -> 2
A97: Estimulação Precoce | B97: 7 | C97: 2 | D97: 6 | E97: 9 | F97: 14 | G97: 11 | H97: 17 | I97: 6 | J97: 1 | N97: =SUM(B97:M97) -> 73 | O97: =IF(N97=0,0,AVERAGE(B97:M97)) -> 8.1111111
A98: Total | B98: =IF(SUM(B93:B97)=0,"",SUM(B93:B97)) -> 26 | C98: =IF(SUM(C93:C97)=0,"",SUM(C93:C97)) -> 28 | D98: =IF(SUM(D93:D97)=0,"",SUM(D93:D97)) -> 49 | E98: =IF(SUM(E93:E97)=0,"",SUM(E93:E97)) -> 45 | F98: =IF(SUM(F93:F97)=0,"",SUM(F93:F97)) -> 42 | G98: =IF(SUM(G93:G97)=0,"",SUM(G93:G97)) -> 61 | H98: =IF(SUM(H93:H97)=0,"",SUM(H93:H97)) -> 44 | I98: =IF(SUM(I93:I97)=0,"",SUM(I93:I97)) -> 13 | ... M98: =IF(SUM(M93:M97)=0,"",SUM(M93:M97)) -> 26 | N98: =SUM(N93:N97) -> 411 | O98: =SUM(O93:O97) -> 37.45202
A100: 1.8. Nº de Usuários com Alta na Reabilitação
A101: Auditiva | B101: 18 | C101: 1 | D101: 5 | E101: 5 | F101: 1 | G101: 2 | H101: 14 | I101: 1 | J101: 16 | K101: 1 | N101: =SUM(B101:M101) -> 64 | O101: =IF(N101=0,0,AVERAGE(B101:M101)) -> 6.4
A102: Física | B102: 6 | C102: 4 | D102: 4 | E102: 2 | F102: 1 | G102: 5 | H102: 4 | I102: 5 | J102: 3 | K102: 14 | L102: 10 | M102: 12 | N102: =SUM(B102:M102) -> 70 | O102: =IF(N102=0,0,AVERAGE(B102:M102)) -> 5.8333333
A103: Intelectual | B103: 3 | C103: 3 | D103: 2 | E103: 2 | G103: 5 | H103: 1 | I103: 1 | K103: 1 | L103: 1 | M103: 18 | N103: =SUM(B103:M103) -> 37 | O103: =IF(N103=0,0,AVERAGE(B103:M103)) -> 3.7
A104: Visual | D104: 2 | E104: 3 | H104: 3 | K104: 1 | L104: 2 | M104: 3 | N104: =SUM(B104:M104) -> 14 | O104: =IF(N104=0,0,AVERAGE(B104:M104)) -> 2.3333333
A105: Estimulação Precoce | E105: 2 | H105: 2 | K105: 1 | L105: 1 | M105: 3 | N105: =SUM(B105:M105) -> 9 | O105: =IF(N105=0,0,AVERAGE(B105:M105)) -> 1.8
A106: Total | B106: =IF(SUM(B101:B105)=0,"",SUM(B101:B105)) -> 27 | C106: =IF(SUM(C101:C105)=0,"",SUM(C101:C105)) -> 8 | D106: =IF(SUM(D101:D105)=0,"",SUM(D101:D105)) -> 13 | E106: =IF(SUM(E101:E105)=0,"",SUM(E101:E105)) -> 14 | F106: =IF(SUM(F101:F105)=0,"",SUM(F101:F105)) -> 2 | G106: =IF(SUM(G101:G105)=0,"",SUM(G101:G105)) -> 12 | H106: =IF(SUM(H101:H105)=0,"",SUM(H101:H105)) -> 24 | I106: =IF(SUM(I101:I105)=0,"",SUM(I101:I105)) -> 7 | ... M106: =IF(SUM(M101:M105)=0,"",SUM(M101:M105)) -> 36 | N106: =SUM(N101:N105) -> 194 | O106: =SUM(O101:O105) -> 20.066667
A108: 1.9. Nº de Transferências Internas de Usuários (NATEA)
A109: Auditiva | N109: =SUM(B109:M109) -> 0 | O109: =IF(N109=0,0,AVERAGE(B109:M109)) -> 0
A110: Física | N110: =SUM(B110:M110) -> 0 | O110: =IF(N110=0,0,AVERAGE(B110:M110)) -> 0
A111: Intelectual | B111: 38 | C111: 13 | D111: 15 | E111: 6 | F111: 20 | G111: 2 | J111: 3 | K111: 7 | L111: 1 | M111: 1 | N111: =SUM(B111:M111) -> 106 | O111: =IF(N111=0,0,AVERAGE(B111:M111)) -> 10.6
A112: Visual | N112: =SUM(B112:M112) -> 0 | O112: =IF(N112=0,0,AVERAGE(B112:M112)) -> 0
A113: Estimulação Precoce | F113: 2 | N113: =SUM(B113:M113) -> 2 | O113: =IF(N113=0,0,AVERAGE(B113:M113)) -> 2
A114: Total | B114: =IF(SUM(B109:B113)=0,"",SUM(B109:B113)) -> 38 | C114: =IF(SUM(C109:C113)=0,"",SUM(C109:C113)) -> 13 | D114: =IF(SUM(D109:D113)=0,"",SUM(D109:D113)) -> 15 | E114: =IF(SUM(E109:E113)=0,"",SUM(E109:E113)) -> 6 | F114: =IF(SUM(F109:F113)=0,"",SUM(F109:F113)) -> 22 | G114: =IF(SUM(G109:G113)=0,"",SUM(G109:G113)) -> 2 | H114: =IF(SUM(H109:H113)=0,"",SUM(H109:H113)) | I114: =IF(SUM(I109:I113)=0,"",SUM(I109:I113)) | ... M114: =IF(SUM(M109:M113)=0,"",SUM(M109:M113)) -> 1 | N114: =SUM(N109:N113) -> 108 | O114: =SUM(O109:O113) -> 12.6
A116: 1.10. Nº de Usuários em Atendimento Odontológico
A117: Atendimentos Básicos | B117: 47 | C117: 40 | D117: 42 | E117: 54 | F117: 61 | G117: 77 | H117: 85 | I117: 68 | J117: 72 | K117: 47 | L117: 81 | M117: 68 | N117: =SUM(B117:M117) -> 742 | O117: =IF(N117=0,0,AVERAGE(B117:M117)) -> 61.833333
A118: Procedimentos de Periodontia | B118: 45 | C118: 40 | D118: 62 | E118: 56 | F118: 82 | G118: 81 | H118: 71 | I118: 84 | J118: 83 | K118: 88 | L118: 77 | M118: 62 | N118: =SUM(B118:M118) -> 831 | O118: =IF(N118=0,0,AVERAGE(B118:M118)) -> 69.25
A119: Procedimentos de Endodontia | B119: 50 | C119: 52 | D119: 76 | E119: 62 | F119: 87 | G119: 89 | H119: 87 | I119: 93 | J119: 92 | K119: 101 | L119: 79 | M119: 62 | N119: =SUM(B119:M119) -> 930 | O119: =IF(N119=0,0,AVERAGE(B119:M119)) -> 77.5
A120: Procedimentos de Cirurgia Oral | B120: 15 | C120: 7 | D120: 21 | E120: 22 | F120: 26 | G120: 30 | H120: 38 | I120: 31 | J120: 34 | K120: 31 | L120: 32 | M120: 26 | N120: =SUM(B120:M120) -> 313 | O120: =IF(N120=0,0,AVERAGE(B120:M120)) -> 26.083333
...

Sheet Planilha2
A1: 1.16. Absenteísmo por Município
A2: Acara | B2: 1 | C2: 1 | D2: 1 | E2: 1 | N2: =SUM(B2:M2) -> 4 | O2: =IF(N2=0,0,AVERAGE(B2:M2)) -> 1
A3: Ananindeua | B3: 287 | C3: 301 | D3: 650 | E3: 9 | N3: =SUM(B3:M3) -> 1247 | O3: =IF(N3=0,0,AVERAGE(B3:M3)) -> 311.75
A4: Anajas | B4: 2 | C4: 8 | D4: 5 | E4: 3 | N4: =SUM(B4:M4) -> 18 | O4: =IF(N4=0,0,AVERAGE(B4:M4)) -> 4.5
A5: Bagre | B5: 2 | C5: 2 | D5: 7 | E5: 2 | N5: =SUM(B5:M5) -> 13 | O5: =IF(N5=0,0,AVERAGE(B5:M5)) -> 3.25
A6: Belém | B6: 585 | C6: 800 | D6: 465 | E6: 294 | N6: =SUM(B6:M6) -> 2144 | O6: =IF(N6=0,0,AVERAGE(B6:M6)) -> 536
A7: Benevides | B7: 40 | C7: 35 | D7: 45 | E7: 10 | N7: =SUM(B7:M7) -> 130 | O7: =IF(N7=0,0,AVERAGE(B7:M7)) -> 32.5
A8: Barcarena | B8: 6 | C8: 10 | D8: 15 | E8: 28 | N8: =SUM(B8:M8) -> 59 | O8: =IF(N8=0,0,AVERAGE(B8:M8)) -> 14.75
A9: Bujaru | B9: 1 | C9: 1 | D9: 13 | N9: =SUM(B9:M9) -> 15 | O9: =IF(N9=0,0,AVERAGE(B9:M9)) -> 5
A10: Bom Jesus do Tocantis | B10: 1 | C10: 1 | D10: 3 | E10: 2 | N10: =SUM(B10:M10) -> 7 | O10: =IF(N10=0,0,AVERAGE(B10:M10)) -> 1.75
A11: Cametá | B11: 9 | C11: 25 | D11: 12 | E11: 5 | N11: =SUM(B11:M11) -> 51 | O11: =IF(N11=0,0,AVERAGE(B11:M11)) -> 12.75
A12: Capanema | B12: 4 | C12: 3 | D12: 2 | E12: 2 | N12: =SUM(B12:M12) -> 11 | O12: =IF(N12=0,0,AVERAGE(B12:M12)) -> 2.75
A13: Castanhal | B13: 8 | C13: 6 | D13: 14 | E13: 9 | N13: =SUM(B13:M13) -> 37 | O13: =IF(N13=0,0,AVERAGE(B13:M13)) -> 9.25
A14: Colares | B14: 25 | C14: 14 | D14: 30 | E14: 40 | N14: =SUM(B14:M14) -> 109 | O14: =IF(N14=0,0,AVERAGE(B14:M14)) -> 27.25
A15: Curralinho | B15: 2 | C15: 3 | D15: 2 | E15: 2 | N15: =SUM(B15:M15) -> 9 | O15: =IF(N15=0,0,AVERAGE(B15:M15)) -> 2.25
A16: Igarapé Açu | B16: 2 | C16: 5 | D16: 7 | E16: 8 | N16: =SUM(B16:M16) -> 22 | O16: =IF(N16=0,0,AVERAGE(B16:M16)) -> 5.5
A17: Igarapé Mirim | B17: 2 | C17: 5 | D17: 13 | E17: 8 | N17: =SUM(B17:M17) -> 28 | O17: =IF(N17=0,0,AVERAGE(B17:M17)) -> 7
A18: Inhangapi | B18: 4 | C18: 2 | D18: 6 | E18: 5 | N18: =SUM(B18:M18) -> 17 | O18: =IF(N18=0,0,AVERAGE(B18:M18)) -> 4.25
A19: Irituia | B19: 3 | C19: 3 | D19: 5 | E19: 4 | N19: =SUM(B19:M19) -> 15 | O19: =IF(N19=0,0,AVERAGE(B19:M19)) -> 3.75
A20: Limoeiro do Ajuru | B20: 2 | C20: 2 | D20: 7 | E20: 9 | N20: =SUM(B20:M20) -> 20 | O20: =IF(N20=0,0,AVERAGE(B20:M20)) -> 5
A21: Medicilândia | B21: 2 | C21: 1 | D21: 1 | N21: =SUM(B21:M21) -> 4 | O21: =IF(N21=0,0,AVERAGE(B21:M21)) -> 1.3333333
A22: Marituba | B22: 5 | C22: 5 | D22: 8 | E22: 2 | N22: =SUM(B22:M22) -> 20 | O22: =IF(N22=0,0,AVERAGE(B22:M22)) -> 5
A23: Maracanã | B23: 6 | C23: 5 | D23: 3 | E23: 4 | N23: =SUM(B23:M23) -> 18 | O23: =IF(N23=0,0,AVERAGE(B23:M23)) -> 4.5
A24: Mãe do Rio | B24: 2 | C24: 5 | D24: 3 | E24: 3 | N24: =SUM(B24:M24) -> 13 | O24: =IF(N24=0,0,AVERAGE(B24:M24)) -> 3.25
A25: Muaná | B25: 1 | C25: 2 | D25: 4 | N25: =SUM(B25:M25) -> 7 | O25: =IF(N25=0,0,AVERAGE(B25:M25)) -> 2.3333333
A26: Nova Esperança Piria | B26: 1 | C26: 2 | D26: 5 | E26: 4 | N26: =SUM(B26:M26) -> 12 | O26: =IF(N26=0,0,AVERAGE(B26:M26)) -> 3
A27: Novo Repartimento | B27: 5 | C27: 2 | D27: 2 | E27: 1 | N27: =SUM(B27:M27) -> 10 | O27: =IF(N27=0,0,AVERAGE(B27:M27)) -> 2.5
A28: Nova Timboteua | B28: 1 | C28: 2 | D28: 5 | E28: 1 | N28: =SUM(B28:M28) -> 9 | O28: =IF(N28=0,0,AVERAGE(B28:M28)) -> 2.25
A29: Ponta de Pedras | B29: 3 | C29: 2 | D29: 6 | E29: 6 | N29: =SUM(B29:M29) -> 17 | O29: =IF(N29=0,0,AVERAGE(B29:M29)) -> 4.25
A30: Paraupebas | B30: 1 | C30: 3 | D30: 5 | E30: 8 | N30: =SUM(B30:M30) -> 17 | O30: =IF(N30=0,0,AVERAGE(B30:M30)) -> 4.25
A31: Peixe Boi | B31: 2 | C31: 1 | D31: 3 | E31: 1 | N31: =SUM(B31:M31) -> 7 | O31: =IF(N31=0,0,AVERAGE(B31:M31)) -> 1.75
A32: Quatipuru | B32: 1 | C32: 1 | D32: 4 | E32: 1 | N32: =SUM(B32:M32) -> 7 | O32: =IF(N32=0,0,AVERAGE(B32:M32)) -> 1.75
A33: Redenção | B33: 1 | C33: 2 | D33: 4 | N33: =SUM(B33:M33) -> 7 | O33: =IF(N33=0,0,AVERAGE(B33:M33)) -> 2.3333333
A34: Santa Luzia do Para | B34: 4 | C34: 10 | D34: 3 | E34: 6 | N34: =SUM(B34:M34) -> 23 | O34: =IF(N34=0,0,AVERAGE(B34:M34)) -> 5.75
A35: Santa Maria do Para | B35: 5 | C35: 10 | D35: 17 | E35: 9 | N35: =SUM(B35:M35) -> 41 | O35: =IF(N35=0,0,AVERAGE(B35:M35)) -> 10.25
A36: São Miguel do Guamá | B36: 5 | C36: 6 | D36: 10 | E36: 13 | N36: =SUM(B36:M36) -> 34 | O36: =IF(N36=0,0,AVERAGE(B36:M36)) -> 8.5
A37: São Sebastião da Boa Vista | B37: 15 | C37: 20 | D37: 16 | E37: 18 | N37: =SUM(B37:M37) -> 69 | O37: =IF(N37=0,0,AVERAGE(B37:M37)) -> 17.25
A38: Santa Cruz do Arari | B38: 1 | C38: 2 | D38: 2 | N38: =SUM(B38:M38) -> 5 | O38: =IF(N38=0,0,AVERAGE(B38:M38)) -> 1.6666667
A39: Santa Izabel | B39: 2 | C39: 7 | D39: 3 | E39: 10 | N39: =SUM(B39:M39) -> 22 | O39: =IF(N39=0,0,AVERAGE(B39:M39)) -> 5.5
A40: Santo Antônio do taua | B40: 2 | C40: 6 | D40: 9 | E40: 6 | N40: =SUM(B40:M40) -> 23 | O40: =IF(N40=0,0,AVERAGE(B40:M40)) -> 5.75
A41: Tailândia | B41: 1 | C41: 1 | D41: 1 | E41: 1 | N41: =SUM(B41:M41) -> 4 | O41: =IF(N41=0,0,AVERAGE(B41:M41)) -> 1
A42: Tome- Açu | B42: 4 | C42: 5 | D42: 3 | E42: 3 | N42: =SUM(B42:M42) -> 15 | O42: =IF(N42=0,0,AVERAGE(B42:M42)) -> 3.75
A43: Ulianópolis | B43: 2 | C43: 6 | D43: 11 | E43: 27 | N43: =SUM(B43:M43) -> 46 | O43: =IF(N43=0,0,AVERAGE(B43:M43)) -> 11.5
A44: Vigia | B44: 1 | C44: 1 | D44: 2 | E44: 7 | N44: =SUM(B44:M44) -> 11 | O44: =IF(N44=0,0,AVERAGE(B44:M44)) -> 2.75
A45: Viseu | B45: 2 | C45: 2 | D45: 2 | E45: 10 | N45: =SUM(B45:M45) -> 16 | O45: =IF(N45=0,0,AVERAGE(B45:M45)) -> 4
A46: Outros | B46: 395 | C46: 450 | D46: 819 | E46: 367 | N46: =SUM(B46:M46) -> 2031 | O46: =IF(N46=0,0,AVERAGE(B46:M46)) -> 507.75
A47: Total | B47: =IF(SUM(B2:B46)=0,0,SUM(B2:B46)) -> 1456 | C47: =SUM(C2:C46) -> 1786 | D47: =SUM(D2:D46) -> 2253 | E47: =SUM(E2:E46) -> 949 | N47: =SUM(N2:N46) -> 6444 | O47: =IF(N47=0,0,AVERAGE(B47:M47)) -> 1611
A50: 2.1. Laboratório de Análises Clínicas
A51: Bioquímica | N51: =SUM(B51:M51) -> 0 | O51: =IF(N51=0,0,AVERAGE(B51:M51)) -> 0
A52: Hematologia | N52: =SUM(B52:M52) -> 0 | O52: =IF(N52=0,0,AVERAGE(B52:M52)) -> 0
A53: Microbiologia | N53: =SUM(B53:M53) -> 0 | O53: =IF(N53=0,0,AVERAGE(B53:M53)) -> 0
A54: Total | B54: =SUM(B51:B53) -> 0 | C54: =SUM(C51:C53) -> 0 | D54: =SUM(D51:D53) -> 0 | E54: =SUM(E51:E53) -> 0 | F54: =SUM(F51:F53) -> 0 | G54: =SUM(G51:G53) -> 0 | H54: =SUM(H51:H53) -> 0 | I54: =SUM(I51:I53) -> 0 | ... O54: =SUM(O51:O53) -> 0
A55: Média Diária | B55: =IF(B54=0,"",B54/B269) | C55: =IF(C54=0,"",C54/C269) | D55: =IF(D54=0,"",D54/D269) | E55: =IF(E54=0,"",E54/E269) | F55: =IF(F54=0,"",F54/F269) | G55: =IF(G54=0,"",G54/G269) | H55: =IF(H54=0,"",H54/H269) | I55: =IF(I54=0,"",I54/I269) | ... M55: =IF(M54=0,"",M54/M269) | N55: =SUM(B55:M55) -> 0 | O55: =IF(N55=0,0,AVERAGE(B55:M55)) -> 0

Sheet Planilha1
A2: Centro de Custos | B2: Grupo
A3: Ambulatório Anestesiologia | B3: Ambulatório
A4: Ambulatório Clínica Médica | B4: Ambulatório
A5: Ambulatório Cardiologia | B5: Ambulatório
A6: Ambulatório Fisiatria | B6: Ambulatório
A7: Ambulatório Genética Médica | B7: Ambulatório
A8: Ambulatório Neurologia Adulto | B8: Ambulatório
A9: Ambulatório Neurologia Infantil | B9: Ambulatório
A10: Ambulatório Oftalmologia | B10: Ambulatório
A11: Ambulatório Ortopedia | B11: Ambulatório
A12: Ambulatório Otorrinolaringologia | B12: Ambulatório
A13: Ambulatório Urologia | B13: Ambulatório
... A121: Atividades Manuais | B121: Arte e Cultura

Sheet Mapa de produção sintético-2021
B1: PLANO ESTATÍSTICO 2021
A2: CENTRO INTEGRADO DE INCLUSÃO E REABILITAÇÃO - CIIR
A3: Principais dados estatísticos de 2021
A5: Itens de Avaliação | B5: 44197 | C5: 44228 | D5: 44256 | E5: 44287 | F5: 44317 | G5: 44348 | H5: 44378 | I5: 44409 | J5: 44440 | K5: 44470 | L5: 44501 | M5: 44531 | N5: Acumulado | O5: Média
A6: Nº de Consultórios e Salas | B6: ='Plano Estatístico Analitic 2021'!B14 -> 81 | C6: ='Plano Estatístico Analitic 2021'!C14 -> 81 | D6: ='Plano Estatístico Analitic 2021'!D14 -> 81 | E6: ='Plano Estatístico Analitic 2021'!E14 -> 81 | F6: ='Plano Estatístico Analitic 2021'!F14 -> 81 | G6: ='Plano Estatístico Analitic 2021'!G14 -> 81 | H6: ='Plano Estatístico Analitic 2021'!H14 -> 81 | I6: ='Plano Estatístico Analitic 2021'!I14 -> 81 | ... O6: ='Plano Estatístico Analitic 2021'!O14 -> 81
A7: Nº de Atendimentos Ambulatoriais | B7: ='Plano Estatístico Analitic 2021'!B23 -> 12595 | C7: ='Plano Estatístico Analitic 2021'!C23 -> 11845 | D7: ='Plano Estatístico Analitic 2021'!D23 -> 10816 | E7: ='Plano Estatístico Analitic 2021'!E23 -> 14475 | F7: ='Plano Estatístico Analitic 2021'!F23 -> 18323 | G7: ='Plano Estatístico Analitic 2021'!G23 -> 17799 | H7: ='Plano Estatístico Analitic 2021'!H23 -> 21764 | I7: ='Plano Estatístico Analitic 2021'!I23 -> 18195 | ... O7: ='Plano Estatístico Analitic 2021'!O23 -> 16201.417
A8: Nº de Avaliação Global | B8: ='Plano Estatístico Analitic 2021'!B74 -> 47 | C8: ='Plano Estatístico Analitic 2021'!C74 -> 18 | D8: ='Plano Estatístico Analitic 2021'!D74 -> 59 | E8: ='Plano Estatístico Analitic 2021'!E74 -> 46 | F8: ='Plano Estatístico Analitic 2021'!F74 -> 70 | G8: ='Plano Estatístico Analitic 2021'!G74 -> 47 | H8: ='Plano Estatístico Analitic 2021'!H74 -> 41 | I8: ='Plano Estatístico Analitic 2021'!I74 -> 23 | ... O8: ='Plano Estatístico Analitic 2021'!O74 -> 43.828283
A9: N° de Usuários Ativos em Reabilitação | B9: ='Plano Estatístico Analitic 2021'!B82 -> 821 | C9: ='Plano Estatístico Analitic 2021'!C82 -> 829 | D9: ='Plano Estatístico Analitic 2021'!D82 -> 850 | E9: ='Plano Estatístico Analitic 2021'!E82 -> 875 | F9: ='Plano Estatístico Analitic 2021'!F82 -> 894 | G9: ='Plano Estatístico Analitic 2021'!G82 -> 941 | H9: ='Plano Estatístico Analitic 2021'!H82 -> 958 | I9: ='Plano Estatístico Analitic 2021'!I82 -> 961 | ... O9: ='Plano Estatístico Analitic 2021'!O82 -> 837.66667
A10: N° de Usuários Inativos em Reabilitação | B10: ='Plano Estatístico Analitic 2021'!B90 | C10: ='Plano Estatístico Analitic 2021'!C90 | D10: ='Plano Estatístico Analitic 2021'!D90 | E10: ='Plano Estatístico Analitic 2021'!E90 | F10: ='Plano Estatístico Analitic 2021'!F90 | G10: ='Plano Estatístico Analitic 2021'!G90 | H10: ='Plano Estatístico Analitic 2021'!H90 -> 3 | I10: ='Plano Estatístico Analitic 2021'!I90 -> 3 | ... O10: ='Plano Estatístico Analitic 2021'!O90 -> 8.6
A11: N° de Novos Usuários em Reabilitação | B11: ='Plano Estatístico Analitic 2021'!B98 -> 26 | C11: ='Plano Estatístico Analitic 2021'!C98 -> 28 | D11: ='Plano Estatístico Analitic 2021'!D98 -> 49 | E11: ='Plano Estatístico Analitic 2021'!E98 -> 45 | F11: ='Plano Estatístico Analitic 2021'!F98 -> 42 | G11: ='Plano Estatístico Analitic 2021'!G98 -> 61 | H11: ='Plano Estatístico Analitic 2021'!H98 -> 44 | I11: ='Plano Estatístico Analitic 2021'!I98 -> 13 | ... O11: ='Plano Estatístico Analitic 2021'!O98 -> 37.45202
A12: Nº de Usuários com Alta na Reabilitação | B12: ='Plano Estatístico Analitic 2021'!B106 -> 27 | C12: ='Plano Estatístico Analitic 2021'!C106 -> 8 | D12: ='Plano Estatístico Analitic 2021'!D106 -> 13 | E12: ='Plano Estatístico Analitic 2021'!E106 -> 14 | F12: ='Plano Estatístico Analitic 2021'!F106 -> 2 | G12: ='Plano Estatístico Analitic 2021'!G106 -> 12 | H12: ='Plano Estatístico Analitic 2021'!H106 -> 24 | I12: ='Plano Estatístico Analitic 2021'!I106 -> 7 | ... O12: ='Plano Estatístico Analitic 2021'!O106 -> 20.066667
A13: Nº de Transferências Internas de Usuários (NATEA) | B13: ='Plano Estatístico Analitic 2021'!B114 -> 38 | C13: ='Plano Estatístico Analitic 2021'!C114 -> 13 | D13: ='Plano Estatístico Analitic 2021'!D114 -> 15 | E13: ='Plano Estatístico Analitic 2021'!E114 -> 6 | F13: ='Plano Estatístico Analitic 2021'!F114 -> 22 | G13: ='Plano Estatístico Analitic 2021'!G114 -> 2 | H13: ='Plano Estatístico Analitic 2021'!H114 | I13: ='Plano Estatístico Analitic 2021'!I114 | ... O13: ='Plano Estatístico Analitic 2021'!O114 -> 12.6
A14: Nº de Usuários em Atendimento Odontológico | B14: ='Plano Estatístico Analitic 2021'!B121 -> 157 | C14: ='Plano Estatístico Analitic 2021'!C121 -> 139 | D14: ='Plano Estatístico Analitic 2021'!D121 -> 201 | E14: ='Plano Estatístico Analitic 2021'!E121 -> 194 | F14: ='Plano Estatístico Analitic 2021'!F121 -> 256 | G14: ='Plano Estatístico Analitic 2021'!G121 -> 277 | H14: ='Plano Estatístico Analitic 2021'!H121 -> 281 | I14: ='Plano Estatístico Analitic 2021'!I121 -> 276 | ... O14: ='Plano Estatístico Analitic 2021'!O121 -> 234.66667
A15: Nº de Procedimentos Odontologia (CEO II) | B15: ='Plano Estatístico Analitic 2021'!B128 -> 1213 | C15: ='Plano Estatístico Analitic 2021'!C128 -> 1208 | D15: ='Plano Estatístico Analitic 2021'!D128 -> 1131 | E15: ='Plano Estatístico Analitic 2021'!E128 -> 1132 | F15: ='Plano Estatístico Analitic 2021'!F128 -> 1456 | G15: ='Plano Estatístico Analitic 2021'!G128 -> 1480 | H15: ='Plano Estatístico Analitic 2021'!H128 -> 1763 | I15: ='Plano Estatístico Analitic 2021'!I128 -> 1566 | ... O15: ='Plano Estatístico Analitic 2021'!O128 -> 1424.8333
A16: Estatística da Oficina | B16: ='Plano Estatístico Analitic 2021'!B134 -> 510 | C16: ='Plano Estatístico Analitic 2021'!C134 -> 401 | D16: ='Plano Estatístico Analitic 2021'!D134 -> 515 | E16: ='Plano Estatístico Analitic 2021'!E134 -> 459 | F16: ='Plano Estatístico Analitic 2021'!F134 -> 475 | G16: ='Plano Estatístico Analitic 2021'!G134 -> 516 | H16: ='Plano Estatístico Analitic 2021'!H134 -> 841 | I16: ='Plano Estatístico Analitic 2021'!I134 -> 701 | ... O16: ='Plano Estatístico Analitic 2021'!O134 -> 594
A17: Nº de Absenteísmo de Usuário | B17: ='Plano Estatístico Analitic 2021'!B203 -> 4437 | C17: ='Plano Estatístico Analitic 2021'!C203 -> 4527 | D17: ='Plano Estatístico Analitic 2021'!D203 -> 6422 | E17: ='Plano Estatístico Analitic 2021'!E203 -> 3968 | F17: ='Plano Estatístico Analitic 2021'!F203 -> 4302 | G17: ='Plano Estatístico Analitic 2021'!G203 -> 5376 | H17: ='Plano Estatístico Analitic 2021'!H203 -> 4443 | I17: ='Plano Estatístico Analitic 2021'!I203 -> 4458 | ... O17: ='Plano Estatístico Analitic 2021'!O203 -> 4427.1667
A18: Nº Atendimentos Time de Resposta Rápida (TRR) | B18: ='Plano Estatístico Analitic 2021'!B207 -> 5 | C18: ='Plano Estatístico Analitic 2021'!C207 -> 7 | D18: ='Plano Estatístico Analitic 2021'!D206 -> 9 | E18: ='Plano Estatístico Analitic 2021'!E207 -> 17 | F18: ='Plano Estatístico Analitic 2021'!F207 -> 15 | G18: ='Plano Estatístico Analitic 2021'!G207 -> 13 | H18: ='Plano Estatístico Analitic 2021'!H207 -> 18 | I18: ='Plano Estatístico Analitic 2021'!I207 -> 10 | J18: ='Plano Estatístico Analitic 2021'!J207 -> 10 | K18: ='Plano Estatístico Analitic 2021'!K207 -> 13 | L18: ='Plano Estatístico Analitic 2021'!L207 -> 22 | ... O18: ='Plano Estatístico Analitic 2021'!O207 -> 13.416667
A19: Nº Procedimentos Enfermagem | B19: ='Plano Estatístico Analitic 2021'!B211 -> 9 | C19: ='Plano Estatístico Analitic 2021'!C211 -> 45 | D19: ='Plano Estatístico Analitic 2021'!D210 -> 46 | E19: ='Plano Estatístico Analitic 2021'!E210 -> 39 | F19: ='Plano Estatístico Analitic 2021'!F210 -> 59 | G19: ='Plano Estatístico Analitic 2021'!G210 -> 54 | H19: ='Plano Estatístico Analitic 2021'!H210 -> 70 | I19: ='Plano Estatístico Analitic 2021'!I210 -> 79 | J19: ='Plano Estatístico Analitic 2021'!J210 -> 63 | K19: ='Plano Estatístico Analitic 2021'!K210 -> 53 | ... M19: ='Plano Estatístico Analitic 2021'!M210 -> 46 | N19: ='Plano Estatístico Analitic 2021'!N211 -> 627 | O19: ='Plano Estatístico Analitic 2021'!O211 -> 52.25
A20: Total de Exames de Imagens e Métodos Gráficos | B20: ='Plano Estatístico Analitic 2021'!B242 -> 1898 | C20: ='Plano Estatístico Analitic 2021'!C242 -> 2261 | D20: ='Plano Estatístico Analitic 2021'!D242 -> 3003 | E20: ='Plano Estatístico Analitic 2021'!E242 -> 4615 | F20: ='Plano Estatístico Analitic 2021'!F242 -> 6383 | G20: ='Plano Estatístico Analitic 2021'!G242 -> 7132 | H20: ='Plano Estatístico Analitic 2021'!H242 -> 6079 | I20: ='Plano Estatístico Analitic 2021'!I242 -> 7862 | ... O20: ='Plano Estatístico Analitic 2021'!O242 -> 5730.5833
A21: Nº de Usuários em Tratamento (NATEA) | B21: ='Plano Estatístico Analitic 2021'!B249 -> 46 | C21: ='Plano Estatístico Analitic 2021'!C249 -> 61 | D21: ='Plano Estatístico Analitic 2021'!D249 -> 80 | E21: ='Plano Estatístico Analitic 2021'!E249 -> 105 | F21: ='Plano Estatístico Analitic 2021'!F249 -> 245 | G21: ='Plano Estatístico Analitic 2021'!G249 -> 254 | H21: ='Plano Estatístico Analitic 2021'!H249 -> 249 | I21: ='Plano Estatístico Analitic 2021'!I249 -> 245 | ... M21: ='Plano Estatístico Analitic 2021'!M249 -> 271 | N21: ='Plano Estatístico Analitic 2021'!N243 -> 2218.2903 | O21: ='Plano Estatístico Analitic 2021'!O243 -> 187.85488
A22: Nº de Entradas de Novos Usuários (NATEA) | B22: ='Plano Estatístico Analitic 2021'!B254 -> 9 | C22: ='Plano Estatístico Analitic 2021'!C254 -> 3 | D22: ='Plano Estatístico Analitic 2021'!D254 -> 4 | E22: ='Plano Estatístico Analitic 2021'!E254 -> 19 | F22: ='Plano Estatístico Analitic 2021'!F254 -> 119 | G22: ='Plano Estatístico Analitic 2021'!G254 -> 7 | H22: ='Plano Estatístico Analitic 2021'!H254 -> 1 | I22: ='Plano Estatístico Analitic 2021'!I254 -> 0 | ... O22: ='Plano Estatístico Analitic 2021'!O254 -> 17.545455
A23: Nº de Saídas Realizadas (NATEA) | B23: ='Plano Estatístico Analitic 2021'!B261 -> 0 | C23: ='Plano Estatístico Analitic 2021'!C261 -> 1 | D23: ='Plano Estatístico Analitic 2021'!D261 -> 0 | E23: ='Plano Estatístico Analitic 2021'!E261 -> 0 | F23: ='Plano Estatístico Analitic 2021'!F261 -> 1 | G23: ='Plano Estatístico Analitic 2021'!G261 -> 0 | H23: ='Plano Estatístico Analitic 2021'!H261 -> 6 | I23: ='Plano Estatístico Analitic 2021'!I261 -> 4 | ... O23: ='Plano Estatístico Analitic 2021'!O261 -> 5.3333333
A24: Índice de Satisfação do Usuário | B24: ='Plano Estatístico Analitic 2021'!B288 -> 0.96684 | C24: ='Plano Estatístico Analitic 2021'!C288 -> 0.96471429 | D24: ='Plano Estatístico Analitic 2021'!D288 -> 0.95141429 | E24: ='Plano Estatístico Analitic 2021'!E288 -> 0.96107143 | F24: ='Plano Estatístico Analitic 2021'!F288 -> 0.9602 | G24: ='Plano Estatístico Analitic 2021'!G288 -> 0.9554 | H24: ='Plano Estatístico Analitic 2021'!H288 -> 0.95758571 | I24: ='Plano Estatístico Analitic 2021'!I288 -> 0.95857143 | ... O24: ='Plano Estatístico Analitic 2021'!O288 -> 0.96224798
A25: Número de Atendimentos no Serviço Social | B25: ='Plano Estatístico Analitic 2021'!B295 -> 439 | C25: ='Plano Estatístico Analitic 2021'!C295 -> 299 | D25: ='Plano Estatístico Analitic 2021'!D295 -> 304 | E25: ='Plano Estatístico Analitic 2021'!E295 -> 330 | F25: ='Plano Estatístico Analitic 2021'!F295 -> 618 | G25: ='Plano Estatístico Analitic 2021'!G295 -> 518 | H25: ='Plano Estatístico Analitic 2021'!H295 -> 626 | I25: ='Plano Estatístico Analitic 2021'!I295 -> 426 | ... O25: ='Plano Estatístico Analitic 2021'!O295 -> 452.16667
A26: Treinamento Hora/Homem | B26: ='Plano Estatístico Analitic 2021'!B305 -> 0.10527778 | C26: ='Plano Estatístico Analitic 2021'!C305 -> 0.071331019 | D26: ='Plano Estatístico Analitic 2021'!D305 -> 0.10288194 | E26: ='Plano Estatístico Analitic 2021'!E305 -> 0.21008102 | F26: ='Plano Estatístico Analitic 2021'!F305 -> 0.14515046 | G26: ='Plano Estatístico Analitic 2021'!G305 -> 0.079733796 | H26: ='Plano Estatístico Analitic 2021'!H305 -> 0.13797454 | I26: ='Plano Estatístico Analitic 2021'!I305 -> 0.17135417 | ... N26: ='Plano Estatístico Analitic 2021'!N305 -> 1.4245833 | O26: =N26 -> 1.4245833
A27: CME - Pacotes/Caixas preparados | B27: ='Plano Estatístico Analitic 2021'!B314 -> 1706 | C27: ='Plano Estatístico Analitic 2021'!C314 -> 1640 | D27: ='Plano Estatístico Analitic 2021'!D314 -> 1821 | E27: ='Plano Estatístico Analitic 2021'!E314 -> 1657 | F27: ='Plano Estatístico Analitic 2021'!F314 -> 1689 | G27: ='Plano Estatístico Analitic 2021'!G314 -> 1832 | H27: ='Plano Estatístico Analitic 2021'!H314 -> 1966 | I27: ='Plano Estatístico Analitic 2021'!I314 -> 1840 | ... O27: ='Plano Estatístico Analitic 2021'!O314 -> 1762.4167
A28: Número de Manutenções Corretivas | B28: ='Plano Estatístico Analitic 2021'!B320 -> 9 | C28: ='Plano Estatístico Analitic 2021'!C320 -> 10 | D28: ='Plano Estatístico Analitic 2021'!D320 -> 4 | E28: ='Plano Estatístico Analitic 2021'!F320 -> 8 | F28: ='Plano Estatístico Analitic 2021'!G320 -> 21 | G28: ='Plano Estatístico Analitic 2021'!H320 -> 19 | H28: ='Plano Estatístico Analitic 2021'!I320 -> 26 | I28: ='Plano Estatístico Analitic 2021'!J320 -> 29 | J28: ='Plano Estatístico Analitic 2021'!K320 -> 8 | K28: ='Plano Estatístico Analitic 2021'!L320 -> 14 | L28: ='Plano Estatístico Analitic 2021'!M320 -> 35 | M28: ='Plano Estatístico Analitic 2021'!N320 -> 191 | N28: ='Plano Estatístico Analitic 2021'!N320 -> 191 | O28: ='Plano Estatístico Analitic 2021'!O320 -> 15.916667
A29: Número de Manutenções Preventivas | B29: ='Plano Estatístico Analitic 2021'!B321 -> 50 | C29: ='Plano Estatístico Analitic 2021'!C321 -> 51 | D29: 0 | E29: 0 | F29: 0 | G29: 0 | H29: 0 | I29: 0 | J29: 0 | K29: 0 | L29: 0 | M29: 0 | N29: ='Plano Estatístico Analitic 2021'!N321 -> 562 | O29: ='Plano Estatístico Analitic 2021'!O321 -> 46.833333
A30: Total de Reparos da Manutenção | B30: ='Plano Estatístico Analitic 2021'!B352 -> 96 | C30: ='Plano Estatístico Analitic 2021'!C352 -> 43 | D30: ='Plano Estatístico Analitic 2021'!D352 -> 80 | E30: ='Plano Estatístico Analitic 2021'!E352 -> 56 | F30: ='Plano Estatístico Analitic 2021'!F352 -> 78 | G30: ='Plano Estatístico Analitic 2021'!G352 -> 55 | H30: ='Plano Estatístico Analitic 2021'!H352 -> 89 | I30: ='Plano Estatístico Analitic 2021'!I352 -> 114 | ... O30: ='Plano Estatístico Analitic 2021'!O352 -> 67.5
A31: Total de Funcionários | B31: ='Plano Estatístico Analitic 2021'!B363 -> 302 | C31: ='Plano Estatístico Analitic 2021'!C363 -> 302 | D31: ='Plano Estatístico Analitic 2021'!D363 -> 326 | E31: ='Plano Estatístico Analitic 2021'!E363 -> 330 | F31: ='Plano Estatístico Analitic 2021'!F363 -> 336 | G31: ='Plano Estatístico Analitic 2021'!G363 -> 336 | H31: ='Plano Estatístico Analitic 2021'!H363 -> 337 | I31: ='Plano Estatístico Analitic 2021'!I363 -> 333 | ... O31: ='Plano Estatístico Analitic 2021'!O363 -> 331.83333
A32: Total de Médicos | B32: ='Plano Estatístico Analitic 2021'!B370 -> 61 | C32: ='Plano Estatístico Analitic 2021'!C370 -> 62 | D32: ='Plano Estatístico Analitic 2021'!D370 -> 62 | E32: ='Plano Estatístico Analitic 2021'!E370 -> 62 | F32: ='Plano Estatístico Analitic 2021'!F370 -> 61 | G32: ='Plano Estatístico Analitic 2021'!G370 -> 60 | H32: ='Plano Estatístico Analitic 2021'!H370 -> 61 | I32: ='Plano Estatístico Analitic 2021'!I370 -> 61 | ... O32: ='Plano Estatístico Analitic 2021'!O370 -> 60
A33: Total de Odontologia | B33: ='Plano Estatístico Analitic 2021'!B371 -> 8 | C33: ='Plano Estatístico Analitic 2021'!C371 -> 8 | D33: ='Plano Estatístico Analitic 2021'!D371 -> 8 | E33: ='Plano Estatístico Analitic 2021'!E371 -> 8 | F33: ='Plano Estatístico Analitic 2021'!F371 -> 8 | G33: ='Plano Estatístico Analitic 2021'!G371 -> 9 | H33: ='Plano Estatístico Analitic 2021'!H371 -> 8 | I33: ='Plano Estatístico Analitic 2021'!I371 -> 8 | ... O33: ='Plano Estatístico Analitic 2021'!O371 -> 7.9166667
A34: Total de Radiologia | B34: ='Plano Estatístico Analitic 2021'!B372 -> 2 | C34: ='Plano Estatístico Analitic 2021'!C372 -> 2 | D34: ='Plano Estatístico Analitic 2021'!D372 -> 2 | E34: ='Plano Estatístico Analitic 2021'!E372 -> 2 | F34: ='Plano Estatístico Analitic 2021'!F372 -> 2 | G34: ='Plano Estatístico Analitic 2021'!G372 -> 2 | H34: ='Plano Estatístico Analitic 2021'!H372 -> 2 | I34: ='Plano Estatístico Analitic 2021'!I372 -> 2 | ... O34: ='Plano Estatístico Analitic 2021'!O372 -> 2
A35: Total Fisioterapeuta | B35: ='Plano Estatístico Analitic 2021'!B373 -> 13 | C35: ='Plano Estatístico Analitic 2021'!C373 -> 13 | D35: ='Plano Estatístico Analitic 2021'!D373 -> 13 | E35: ='Plano Estatístico Analitic 2021'!E373 -> 15 | F35: ='Plano Estatístico Analitic 2021'!F373 -> 14 | G35: ='Plano Estatístico Analitic 2021'!G373 -> 14 | H35: ='Plano Estatístico Analitic 2021'!H373 -> 15 | I35: ='Plano Estatístico Analitic 2021'!I373 -> 15 | ... O35: ='Plano Estatístico Analitic 2021'!O373 -> 13.083333
A36: Total de Terapeuta Ocupacional | B36: ='Plano Estatístico Analitic 2021'!B374 -> 32 | C36: ='Plano Estatístico Analitic 2021'!C374 -> 32 | D36: ='Plano Estatístico Analitic 2021'!D374 -> 32 | E36: ='Plano Estatístico Analitic 2021'!E374 -> 32 | F36: ='Plano Estatístico Analitic 2021'!F374 -> 16 | G36: ='Plano Estatístico Analitic 2021'!G374 -> 16 | H36: ='Plano Estatístico Analitic 2021'!H374 -> 32 | I36: ='Plano Estatístico Analitic 2021'!I374 -> 32 | ... O36: ='Plano Estatístico Analitic 2021'!O374 -> 25.5
A37: Total de Fonoaudiologista | B37: ='Plano Estatístico Analitic 2021'!B375 -> 13 | C37: ='Plano Estatístico Analitic 2021'!C375 -> 13 | D37: ='Plano Estatístico Analitic 2021'!D375 -> 13 | E37: ='Plano Estatístico Analitic 2021'!E375 -> 13 | F37: ='Plano Estatístico Analitic 2021'!F375 -> 14 | G37: ='Plano Estatístico Analitic 2021'!G375 -> 13 | H37: ='Plano Estatístico Analitic 2021'!H375 -> 13 | I37: ='Plano Estatístico Analitic 2021'!I375 -> 13 | ... O37: ='Plano Estatístico Analitic 2021'!O375 -> 13.5
A38: Total de Educador Físico | B38: ='Plano Estatístico Analitic 2021'!B376 -> 4 | C38: ='Plano Estatístico Analitic 2021'!C376 -> 5 | D38: ='Plano Estatístico Analitic 2021'!D376 -> 5 | E38: ='Plano Estatístico Analitic 2021'!E376 -> 5 | F38: ='Plano Estatístico Analitic 2021'!F376 -> 5 | G38: ='Plano Estatístico Analitic 2021'!G376 -> 5 | H38: ='Plano Estatístico Analitic 2021'!H376 -> 5 | I38: ='Plano Estatístico Analitic 2021'!I376 -> 5 | ... O38: ='Plano Estatístico Analitic 2021'!O376 -> 4.8333333
A39: Total de Terceiros | B39: ='Plano Estatístico Analitic 2021'!B410 -> 17 | C39: ='Plano Estatístico Analitic 2021'!C410 -> 17 | D39: ='Plano Estatístico Analitic 2021'!D365 -> 17 | E39: ='Plano Estatístico Analitic 2021'!E365 -> 17 | F39: ='Plano Estatístico Analitic 2021'!F365 -> 17 | G39: ='Plano Estatístico Analitic 2021'!G365 -> 14 | H39: ='Plano Estatístico Analitic 2021'!H365 -> 17 | I39: ='Plano Estatístico Analitic 2021'!I365 -> 17 | J39: ='Plano Estatístico Analitic 2021'!J365 -> 17 | K39: ='Plano Estatístico Analitic 2021'!K365 -> 16 | ... M39: ='Plano Estatístico Analitic 2021'!M365 -> 17 | N39: ='Plano Estatístico Analitic 2021'!N410 -> 17 | O39: ='Plano Estatístico Analitic 2021'!O410 -> 16.583333
A40: Funcionários em Férias | B40: ='Plano Estatístico Analitic 2021'!B392 -> 25 | C40: ='Plano Estatístico Analitic 2021'!C392 -> 22 | D40: ='Plano Estatístico Analitic 2021'!D392 -> 18 | E40: ='Plano Estatístico Analitic 2021'!E392 -> 18 | F40: ='Plano Estatístico Analitic 2021'!F392 -> 23 | G40: ='Plano Estatístico Analitic 2021'!G392 -> 36 | H40: ='Plano Estatístico Analitic 2021'!H392 -> 37 | I40: ='Plano Estatístico Analitic 2021'!I392 -> 37 | ... O40: ='Plano Estatístico Analitic 2021'!O392 -> 25.166667
A41: Funcionários de Licenças | B41: ='Plano Estatístico Analitic 2021'!B393 -> 5 | C41: ='Plano Estatístico Analitic 2021'!C393 -> 3 | D41: ='Plano Estatístico Analitic 2021'!D393 -> 4 | E41: ='Plano Estatístico Analitic 2021'!E393 -> 4 | F41: ='Plano Estatístico Analitic 2021'!F393 -> 3 | G41: ='Plano Estatístico Analitic 2021'!G393 -> 4 | H41: ='Plano Estatístico Analitic 2021'!H393 -> 3 | I41: ='Plano Estatístico Analitic 2021'!I393 -> 5 | ... O41: ='Plano Estatístico Analitic 2021'!O393 -> 4.4166667
A42: Admissões | B42: ='Plano Estatístico Analitic 2021'!B394 -> 65 | C42: ='Plano Estatístico Analitic 2021'!C394 -> 11 | D42: ='Plano Estatístico Analitic 2021'!D394 -> 28 | E42: ='Plano Estatístico Analitic 2021'!E394 -> 6 | F42: ='Plano Estatístico Analitic 2021'!F394 -> 11 | G42: ='Plano Estatístico Analitic 2021'!G394 -> 5 | H42: ='Plano Estatístico Analitic 2021'!H394 -> 7 | I42: ='Plano Estatístico Analitic 2021'!I394 -> 5 | ... O42: ='Plano Estatístico Analitic 2021'!O394 -> 15.75
A43: Demissões | B43: ='Plano Estatístico Analitic 2021'!B395 -> 6 | C43: ='Plano Estatístico Analitic 2021'!C395 -> 11 | D43: ='Plano Estatístico Analitic 2021'!D395 -> 4 | E43: ='Plano Estatístico Analitic 2021'!E395 -> 2 | F43: ='Plano Estatístico Analitic 2021'!F395 -> 5 | G43: ='Plano Estatístico Analitic 2021'!G395 -> 5 | H43: ='Plano Estatístico Analitic 2021'!H395 -> 6 | I43: ='Plano Estatístico Analitic 2021'!I395 -> 9 | ... O43: ='Plano Estatístico Analitic 2021'!O395 -> 6.75
A44: % do Pessoal - Serviços Adm | B44: ='Plano Estatístico Analitic 2021'!B402 -> 0.32119205 | C44: ='Plano Estatístico Analitic 2021'!C402 -> 0.31788079 | D44: ='Plano Estatístico Analitic 2021'!D402 -> 0.32515337 | E44: ='Plano Estatístico Analitic 2021'!E402 -> 0.32121212 | F44: ='Plano Estatístico Analitic 2021'!F402 -> 0.30654762 | G44: ='Plano Estatístico Analitic 2021'!G402 -> 0.29464286 | H44: ='Plano Estatístico Analitic 2021'!H402 -> 0.28783383 | I44: ='Plano Estatístico Analitic 2021'!I402 -> 0.28528529 | ... O44: ='Plano Estatístico Analitic 2021'!O402 -> 0.3076316
A45: % do Pessoal de Assistência | B45: ='Plano Estatístico Analitic 2021'!B403 -> 0.20860927 | C45: ='Plano Estatístico Analitic 2021'!C403 -> 0.20529801 | D45: ='Plano Estatístico Analitic 2021'!D403 -> 0.22392638 | E45: ='Plano Estatístico Analitic 2021'!E403 -> 0.22727273 | F45: ='Plano Estatístico Analitic 2021'!F403 -> 0.24404762 | G45: ='Plano Estatístico Analitic 2021'!G403 -> 0.24404762 | H45: ='Plano Estatístico Analitic 2021'!H403 -> 0.2462908 | I45: ='Plano Estatístico Analitic 2021'!I403 -> 0.25225225 | ... O45: ='Plano Estatístico Analitic 2021'!O403 -> 0.23427207
A46: % do Pessoal Serviços de Apoio | B46: ='Plano Estatístico Analitic 2021'!B404 -> 0.10927152 | C46: ='Plano Estatístico Analitic 2021'!C404 -> 0.10927152 | D46: ='Plano Estatístico Analitic 2021'!D404 -> 0.10429448 | E46: ='Plano Estatístico Analitic 2021'!E404 -> 0.1030303 | F46: ='Plano Estatístico Analitic 2021'!F404 -> 0.11011905 | G46: ='Plano Estatístico Analitic 2021'!G404 -> 0.11011905 | H46: ='Plano Estatístico Analitic 2021'!H404 -> 0.10682493 | I46: ='Plano Estatístico Analitic 2021'!I404 -> 0.11111111 | ... O46: ='Plano Estatístico Analitic 2021'!O404 -> 0.10702531
A47: % do Pessoal de Arte e Cultura | B47: ='Plano Estatístico Analitic 2021'!B405 -> 0.036423841 | C47: ='Plano Estatístico Analitic 2021'!C405 -> 0.036423841 | D47: ='Plano Estatístico Analitic 2021'!D405 -> 0.033742331 | E47: ='Plano Estatístico Analitic 2021'!E405 -> 0.039393939 | F47: ='Plano Estatístico Analitic 2021'!F405 -> 0.038690476 | G47: ='Plano Estatístico Analitic 2021'!G405 -> 0.038690476 | H47: ='Plano Estatístico Analitic 2021'!H405 -> 0.038575668 | I47: ='Plano Estatístico Analitic 2021'!I405 -> 0.039039039 | ... O47: ='Plano Estatístico Analitic 2021'!O405 -> 0.037643434
A48: % do Pessoal de NATEA | B48: ='Plano Estatístico Analitic 2021'!B406 -> 0.32450331 | C48: ='Plano Estatístico Analitic 2021'!C406 -> 0.33112583 | D48: ='Plano Estatístico Analitic 2021'!D406 -> 0.31288344 | E48: ='Plano Estatístico Analitic 2021'!E406 -> 0.30909091 | F48: ='Plano Estatístico Analitic 2021'!F406 -> 0.30059524 | G48: ='Plano Estatístico Analitic 2021'!G406 -> 0.3125 | H48: ='Plano Estatístico Analitic 2021'!H406 -> 0.32047478 | I48: ='Plano Estatístico Analitic 2021'!I406 -> 0.31231231 | ... O48: ='Plano Estatístico Analitic 2021'!O406 -> 0.31342759
A49: % do Pessoal PCD | B49: ='Plano Estatístico Analitic 2021'!B407 -> 0.033112583 | C49: ='Plano Estatístico Analitic 2021'!C407 -> 0.033112583 | D49: ='Plano Estatístico Analitic 2021'!D407 -> 0.030674847 | E49: ='Plano Estatístico Analitic 2021'!E407 -> 0.03030303 | F49: ='Plano Estatístico Analitic 2021'!F407 -> 0.029761905 | G49: ='Plano Estatístico Analitic 2021'!G407 -> 0.029761905 | H49: ='Plano Estatístico Analitic 2021'!H407 -> 0.029673591 | I49: ='Plano Estatístico Analitic 2021'!I407 -> 0.033033033 | ... O49: ='Plano Estatístico Analitic 2021'!O407 -> 0.038666012
A50: Indice de Absenteísmo | B50: ='Plano Estatístico Analitic 2021'!B398 -> 1.430196 | C50: ='Plano Estatístico Analitic 2021'!C398 -> 1.071577 | D50: ='Plano Estatístico Analitic 2021'!D398 -> 1.4572543 | E50: ='Plano Estatístico Analitic 2021'!E398 -> 1.4251657 | F50: ='Plano Estatístico Analitic 2021'!F398 -> 1.1336453 | G50: ='Plano Estatístico Analitic 2021'!G398 -> 1.9017844 | H50: ='Plano Estatístico Analitic 2021'!H398 -> 1.5859433 | I50: ='Plano Estatístico Analitic 2021'!I398 -> 1.9371305 | ... O50: ='Plano Estatístico Analitic 2021'!O398 -> 1.5777791
A51: Índice de Rotatividade | B51: ='Plano Estatístico Analitic 2021'!B401 -> 11.754967 | C51: ='Plano Estatístico Analitic 2021'!C401 -> 3.6423841 | D51: ='Plano Estatístico Analitic 2021'!D401 -> 4.9079755 | E51: ='Plano Estatístico Analitic 2021'!E401 -> 1.2121212 | F51: ='Plano Estatístico Analitic 2021'!F401 -> 2.3809524 | G51: ='Plano Estatístico Analitic 2021'!G401 -> 1.4880952 | H51: ='Plano Estatístico Analitic 2021'!H401 -> 1.9287834 | I51: ='Plano Estatístico Analitic 2021'!I401 -> 2.1021021 | ... O51: ='Plano Estatístico Analitic 2021'!O401 -> 3.4646628 | DI51: Índice de Rotatividade | DJ51: Índice de Rotatividade | DK51: Índice de Rotatividade | DL51: Índice de Rotatividade | DM51: Índice de Rotatividade | DN51: Índice de Rotatividade | DO51: Índice de Rotatividade | DP51: Índice de Rotatividade | DQ51: Índice de Rotatividade | DR51: Índice de Rotatividade | DS51: Índice de Rotatividade | DT51: Índice de Rotatividade | DU51: Índice de Rotatividade | DV51: Índice de Rotatividade | DW51: Índice de Rotatividade | DX51: Índice de Rotatividade | DY51: Índice de Rotatividade | DZ51: Índice de Rotatividade | EA51: Índice de Rotatividade | EB51: Índice de Rotatividade | EC51: Índice de Rotatividade | ED51: Índice de Rotatividade | EE51: Índice de Rotatividade | EF51: Índice de Rotatividade | EG51: Índice de Rotatividade | EH51: Índice de Rotatividade | EI51: Índice de Rotatividade | EJ51: Índice de Rotatividade | EK51: Índice de Rotatividade | EL51: Índice de Rotatividade | EM51: Índice de Rotatividade | EN51: Índice de Rotatividade | EO51: Índice de Rotatividade | EP51: Índice de Rotatividade | EQ51: Índice de Rotatividade | ER51: Índice de Rotatividade | ES51: Índice de Rotatividade | ET51: Índice de Rotatividade | EU51: Índice de Rotatividade | EV51: Índice de Rotatividade | EW51: Índice de Rotatividade | EX51: Índice de Rotatividade | EY51: Índice de Rotatividade | EZ51: Índice de Rotatividade | FA51: Índice de Rotatividade | FB51: Índice de Rotatividade | FC51: Índice de Rotatividade | FD51: Índice de Rotatividade | FE51: Índice de Rotatividade | FF51: Índice de Rotatividade | FG51: Índice de Rotatividade | FH51: Índice de Rotatividade | FI51: Índice de Rotatividade | FJ51: Índice de Rotatividade | FK51: Índice de Rotatividade | FL51: Índice de Rotatividade | FM51: Índice de Rotatividade | FN51: Índice de Rotatividade | FO51: Índice de Rotatividade | FP51: Índice de Rotatividade | FQ51: Índice de Rotatividade | FR51: Índice de Rotatividade | FS51: Índice de Rotatividade | FT51: Índice de Rotatividade | FU51: Índice de Rotatividade | FV51: Índice de Rotatividade | FW51: Índice de Rotatividade | FX51: Índice de Rotatividade | FY51: Índice de Rotatividade | FZ51: Índice de Rotatividade | GA51: Índice de Rotatividade | GB51: Índice de Rotatividade | GC51: Índice de Rotatividade | GD51: Índice de Rotatividade | GE51: Índice de Rotatividade | GF51: Índice de Rotatividade | GG51: Índice de Rotatividade | GH51: Índice de Rotatividade | GI51: Índice de Rotatividade | GJ51: Índice de Rotatividade | GK51: Índice de Rotatividade | GL51: Índice de Rotatividade | GM51: Índice de Rotatividade | GN51: Índice de Rotatividade | GO51: Índice de Rotatividade | GP51: Índice de Rotatividade | GQ51: Índice de Rotatividade | GR51: Índice de Rotatividade | GS51: Índice de Rotatividade | GT51: Índice de Rotatividade | GU51: Índice de Rotatividade | GV51: Índice de Rotatividade | GW51: Índice de Rotatividade | GX51: Índice de Rotatividade | GY51: Índice de Rotatividade | GZ51: Índice de Rotatividade | HA51: Índice de Rotatividade | HB51: Índice de Rotatividade | HC51: Índice de Rotatividade | HD51: Índice de Rotatividade | HE51: Índice de Rotatividade | HF51: Índice de Rotatividade | HG51: Índice de Rotatividade | HH51: Índice de Rotatividade | HI51: Índice de Rotatividade | HJ51: Índice de Rotatividade | HK51: Índice de Rotatividade | HL51: Índice de Rotatividade | HM51: Índice de Rotatividade | HN51: Índice de Rotatividade | HO51: Índice de Rotatividade | HP51: Índice de Rotatividade | HQ51: Índice de Rotatividade | HR51: Índice de Rotatividade | HS51: Índice de Rotatividade | HT51: Índice de Rotatividade | HU51: Índice de Rotatividade | HV51: Índice de Rotatividade | HW51: Índice de Rotatividade | HX51: Índice de Rotatividade | HY51: Índice de Rotatividade | HZ51: Índice de Rotatividade | IA51: Índice de Rotatividade | IB51: Índice de Rotatividade | IC51: Índice de Rotatividade | ID51: Índice de Rotatividade | IE51: Índice de Rotatividade | IF51: Índice de Rotatividade | IG51: Índice de Rotatividade | IH51: Índice de Rotatividade | II51: Índice de Rotatividade | IJ51: Índice de Rotatividade | IK51: Índice de Rotatividade | IL51: Índice de Rotatividade | IM51: Índice de Rotatividade | IN51: Índice de Rotatividade | IO51: Índice de Rotatividade | IP51: Índice de Rotatividade | IQ51: Índice de Rotatividade | IR51: Índice de Rotatividade | IS51: Índice de Rotatividade | IT51: Índice de Rotatividade | IU51: Índice de Rotatividade | IV51: Índice de Rotatividade
A52: ='Plano Estatístico Analitic 2021'!A447 -> Total de Compras | B52: ='Plano Estatístico Analitic 2021'!B447 -> 179745.09 | C52: ='Plano Estatístico Analitic 2021'!C447 -> 323804.67 | D52: ='Plano Estatístico Analitic 2021'!D447 -> 159339.68 | E52: ='Plano Estatístico Analitic 2021'!E447 -> 334070.78 | F52: ='Plano Estatístico Analitic 2021'!F447 -> 285724.09 | G52: ='Plano Estatístico Analitic 2021'!G447 -> 178543.83 | H52: ='Plano Estatístico Analitic 2021'!H447 -> 578877.24 | ... O52: ='Plano Estatístico Analitic 2021'!O447 -> 394369.54
A53: ='Plano Estatístico Analitic 2021'!A468 -> Total de Consumo | B53: ='Plano Estatístico Analitic 2021'!B468 -> 210348.24 | C53: ='Plano Estatístico Analitic 2021'!C468 -> 232719.16 | D53: ='Plano Estatístico Analitic 2021'!D468 -> 245833.04 | E53: ='Plano Estatístico Analitic 2021'!E468 -> 393114.34 | F53: ='Plano Estatístico Analitic 2021'!F468 -> 297330.03 | G53: ='Plano Estatístico Analitic 2021'!G468 -> 226078.46 | H53: ='Plano Estatístico Analitic 2021'!H468 -> 523931.13 | ... O53: ='Plano Estatístico Analitic 2021'!O468 -> 291580.87
A54: ='Plano Estatístico Analitic 2021'!A469 -> Valor Atual do Estoque | B54: ='Plano Estatístico Analitic 2021'!B469 -> 665700.62 | C54: ='Plano Estatístico Analitic 2021'!C469 -> 810894.1 | D54: ='Plano Estatístico Analitic 2021'!D469 -> 716995.58 | E54: ='Plano Estatístico Analitic 2021'!E469 -> 635537.28 | F54: ='Plano Estatístico Analitic 2021'!F469 -> 656661.6 | G54: ='Plano Estatístico Analitic 2021'!G469 -> 606783.47 | H54: ='Plano Estatístico Analitic 2021'!H469 -> 661577.17 | ... O54: ='Plano Estatístico Analitic 2021'!O469 -> 995834.86
A57: Principais dados estatísticos de 2021 - Ambulatório
A59: Atendimentos Ambulatoriais - por Especialidade | B59: 44197 | C59: 44228 | D59: 44256 | E59: 44287 | F59: 44317 | G59: 44348 | H59: 44378 | I59: 44409 | J59: 44440 | K59: 44470 | L59: 44501 | M59: 44531 | N59: Acumulado | O59: Média
A60: Anestesiologia | B60: ='Plano Estatístico Analitic 2021'!B26 -> 111 | C60: ='Plano Estatístico Analitic 2021'!C26 -> 64 | D60: ='Plano Estatístico Analitic 2021'!D26 -> 105 | E60: ='Plano Estatístico Analitic 2021'!E26 -> 80 | F60: ='Plano Estatístico Analitic 2021'!F26 -> 85 | G60: ='Plano Estatístico Analitic 2021'!G26 -> 77 | H60: ='Plano Estatístico Analitic 2021'!H26 -> 98 | I60: ='Plano Estatístico Analitic 2021'!I26 -> 134 | ... O60: ='Plano Estatístico Analitic 2021'!O26 -> 96.916667
A61: Clínica Médica | B61: ='Plano Estatístico Analitic 2021'!B27 -> 256 | C61: ='Plano Estatístico Analitic 2021'!C27 -> 250 | D61: ='Plano Estatístico Analitic 2021'!D27 -> 291 | E61: ='Plano Estatístico Analitic 2021'!E27 -> 326 | F61: ='Plano Estatístico Analitic 2021'!F27 -> 332 | G61: ='Plano Estatístico Analitic 2021'!G27 -> 379 | H61: ='Plano Estatístico Analitic 2021'!H27 -> 328 | I61: ='Plano Estatístico Analitic 2021'!I27 -> 432 | ... O61: ='Plano Estatístico Analitic 2021'!O27 -> 342.66667
A62: Farmacologia Clinica | B62: ='Plano Estatístico Analitic 2021'!B28 -> 2 | C62: ='Plano Estatístico Analitic 2021'!C28 -> 1 | D62: ='Plano Estatístico Analitic 2021'!D28 -> 2 | E62: ='Plano Estatístico Analitic 2021'!E28 -> 0 | F62: ='Plano Estatístico Analitic 2021'!F28 -> 1 | G62: ='Plano Estatístico Analitic 2021'!G28 -> 0 | H62: ='Plano Estatístico Analitic 2021'!H28 -> 2 | I62: ='Plano Estatístico Analitic 2021'!I28 -> 0 | ... O62: ='Plano Estatístico Analitic 2021'!O28 -> 1.6
A63: Cardiologista | B63: ='Plano Estatístico Analitic 2021'!B29 -> 97 | C63: ='Plano Estatístico Analitic 2021'!C29 -> 90 | D63: ='Plano Estatístico Analitic 2021'!D29 -> 96 | E63: ='Plano Estatístico Analitic 2021'!E29 -> 106 | F63: ='Plano Estatístico Analitic 2021'!F29 -> 105 | G63: ='Plano Estatístico Analitic 2021'!G29 -> 105 | H63: ='Plano Estatístico Analitic 2021'!H29 -> 68 | I63: ='Plano Estatístico Analitic 2021'!I29 -> 101 | ... O63: ='Plano Estatístico Analitic 2021'!O29 -> 95.916667
A64: Fisiatra | B64: ='Plano Estatístico Analitic 2021'!B30 -> 148 | C64: ='Plano Estatístico Analitic 2021'!C30 -> 153 | D64: ='Plano Estatístico Analitic 2021'!D30 -> 202 | E64: ='Plano Estatístico Analitic 2021'!E30 -> 150 | F64: ='Plano Estatístico Analitic 2021'!F30 -> 164 | G64: ='Plano Estatístico Analitic 2021'!G30 -> 220 | H64: ='Plano Estatístico Analitic 2021'!H30 -> 205 | I64: ='Plano Estatístico Analitic 2021'!I30 -> 266 | ... O64: ='Plano Estatístico Analitic 2021'!O30 -> 204.25
A65: Geneticista | B65: ='Plano Estatístico Analitic 2021'!B31 -> 80 | C65: ='Plano Estatístico Analitic 2021'!C31 -> 77 | D65: ='Plano Estatístico Analitic 2021'!D31 -> 70 | E65: ='Plano Estatístico Analitic 2021'!E31 -> 54 | F65: ='Plano Estatístico Analitic 2021'!F31 -> 82 | G65: ='Plano Estatístico Analitic 2021'!G31 -> 63 | H65: ='Plano Estatístico Analitic 2021'!H31 -> 59 | I65: ='Plano Estatístico Analitic 2021'!I31 -> 57 | ... O65: ='Plano Estatístico Analitic 2021'!O31 -> 70.75
A66: Neurologia Adulto | B66: ='Plano Estatístico Analitic 2021'!B32 -> 149 | C66: ='Plano Estatístico Analitic 2021'!C32 -> 141 | D66: ='Plano Estatístico Analitic 2021'!D32 -> 169 | E66: ='Plano Estatístico Analitic 2021'!E32 -> 156 | F66: ='Plano Estatístico Analitic 2021'!F32 -> 164 | G66: ='Plano Estatístico Analitic 2021'!G32 -> 180 | H66: ='Plano Estatístico Analitic 2021'!H32 -> 164 | I66: ='Plano Estatístico Analitic 2021'!I32 -> 167 | ... O66: ='Plano Estatístico Analitic 2021'!O32 -> 164.33333
A67: Neurologia Infantil | B67: ='Plano Estatístico Analitic 2021'!B33 -> 346 | C67: ='Plano Estatístico Analitic 2021'!C33 -> 310 | D67: ='Plano Estatístico Analitic 2021'!D33 -> 248 | E67: ='Plano Estatístico Analitic 2021'!E33 -> 300 | F67: ='Plano Estatístico Analitic 2021'!F33 -> 267 | G67: ='Plano Estatístico Analitic 2021'!G33 -> 331 | H67: ='Plano Estatístico Analitic 2021'!H33 -> 350 | I67: ='Plano Estatístico Analitic 2021'!I33 -> 381 | ... O67: ='Plano Estatístico Analitic 2021'!O33 -> 324.66667
A68: Oftalmologista | B68: ='Plano Estatístico Analitic 2021'!B34 -> 184 | C68: ='Plano Estatístico Analitic 2021'!C34 -> 239 | D68: ='Plano Estatístico Analitic 2021'!D34 -> 266 | E68: ='Plano Estatístico Analitic 2021'!E34 -> 286 | F68: ='Plano Estatístico Analitic 2021'!F34 -> 291 | G68: ='Plano Estatístico Analitic 2021'!G34 -> 300 | H68: ='Plano Estatístico Analitic 2021'!H34 -> 288 | I68: ='Plano Estatístico Analitic 2021'!I34 -> 295 | ... O68: ='Plano Estatístico Analitic 2021'!O34 -> 275.08333
A69: Ortopedista | B69: ='Plano Estatístico Analitic 2021'!B35 -> 102 | C69: ='Plano Estatístico Analitic 2021'!C35 -> 107 | D69: ='Plano Estatístico Analitic 2021'!D35 -> 139 | E69: ='Plano Estatístico Analitic 2021'!E35 -> 88 | F69: ='Plano Estatístico Analitic 2021'!F35 -> 113 | G69: ='Plano Estatístico Analitic 2021'!G35 -> 149 | H69: ='Plano Estatístico Analitic 2021'!H35 -> 99 | I69: ='Plano Estatístico Analitic 2021'!I35 -> 120 | ... O69: ='Plano Estatístico Analitic 2021'!O35 -> 107.66667
A70: Otorrinolaringologista | B70: ='Plano Estatístico Analitic 2021'!B36 -> 321 | C70: ='Plano Estatístico Analitic 2021'!C36 -> 308 | D70: ='Plano Estatístico Analitic 2021'!D36 -> 363 | E70: ='Plano Estatístico Analitic 2021'!E36 -> 355 | F70: ='Plano Estatístico Analitic 2021'!F36 -> 385 | G70: ='Plano Estatístico Analitic 2021'!G36 -> 411 | H70: ='Plano Estatístico Analitic 2021'!H36 -> 513 | I70: ='Plano Estatístico Analitic 2021'!I36 -> 348 | ... O70: ='Plano Estatístico Analitic 2021'!O36 -> 368.41667
A71: Urologista | B71: ='Plano Estatístico Analitic 2021'!B37 -> 37 | C71: ='Plano Estatístico Analitic 2021'!C37 -> 52 | D71: ='Plano Estatístico Analitic 2021'!D37 -> 66 | E71: ='Plano Estatístico Analitic 2021'!E37 -> 55 | F71: ='Plano Estatístico Analitic 2021'!F37 -> 53 | G71: ='Plano Estatístico Analitic 2021'!G37 -> 45 | H71: ='Plano Estatístico Analitic 2021'!H37 -> 50 | I71: ='Plano Estatístico Analitic 2021'!I37 -> 53 | ... O71: ='Plano Estatístico Analitic 2021'!O37 -> 50.416667
... A99: Urologista Pediátrica | B99: ='Plano Estatístico Analitic 2021'!B65 -> 14 | C99: ='Plano Estatístico Analitic 2021'!C65 -> 10 | D99: ='Plano Estatístico Analitic 2021'!D65 -> 16 | E99: ='Plano Estatístico Analitic 2021'!E65 -> 26 | F99: ='Plano Estatístico Analitic 2021'!F65 -> 27 | G99: ='Plano Estatístico Analitic 2021'!G65 -> 61 | H99: ='Plano Estatístico Analitic 2021'!H65 -> 36 | I99: ='Plano Estatístico Analitic 2021'!I65 -> 88 | ... O99: ='Plano Estatístico Analitic 2021'!O65 -> 40.083333
A100: Total | B100: =SUM(B60:B99) -> 12595 | C100: =SUM(C60:C99) -> 11845 | D100: =SUM(D60:D99) -> 10816 | E100: =SUM(E60:E99) -> 14475 | F100: =SUM(F60:F99) -> 18323 | G100: =SUM(G60:G99) -> 17799 | H100: =SUM(H60:H99) -> 21764 | I100: =SUM(I60:I99) -> 18195 | ... O100: =SUM(O60:O99) -> 16202.35
A103: Principais dados estatísticos de 2021 - SADT's
A105: Exames | B105: 44197 | C105: 44228 | D105: 44256 | E105: 44287 | F105: 44317 | G105: 44348 | H105: 44378 | I105: 44409 | J105: 44440 | K105: 44470 | L105: 44501 | M105: 44531 | N105: Acumulado | O105: Média
A106: Nº de Exames de Audiometria | B106: ='Plano Estatístico Analitic 2021'!B215 -> 112 | C106: ='Plano Estatístico Analitic 2021'!C215 -> 258 | D106: ='Plano Estatístico Analitic 2021'!D215 -> 170 | E106: ='Plano Estatístico Analitic 2021'!E215 -> 223 | F106: ='Plano Estatístico Analitic 2021'!F215 -> 208 | G106: ='Plano Estatístico Analitic 2021'!G215 -> 171 | H106: ='Plano Estatístico Analitic 2021'!H215 -> 209 | I106: ='Plano Estatístico Analitic 2021'!I215 -> 164 | ... O106: ='Plano Estatístico Analitic 2021'!O215 -> 189
A107: Nº de Exames de Berapotencial Evocado | B107: ='Plano Estatístico Analitic 2021'!B216 -> 36 | C107: ='Plano Estatístico Analitic 2021'!C216 -> 40 | D107: ='Plano Estatístico Analitic 2021'!D216 -> 65 | E107: ='Plano Estatístico Analitic 2021'!E216 -> 88 | F107: ='Plano Estatístico Analitic 2021'!F216 -> 90 | G107: ='Plano Estatístico Analitic 2021'!G216 -> 48 | H107: ='Plano Estatístico Analitic 2021'!H216 -> 84 | I107: ='Plano Estatístico Analitic 2021'!I216 -> 94 | ... O107: ='Plano Estatístico Analitic 2021'!O216 -> 69.416667
A108: Nº de Exames de Densitometria Óssea | B108: ='Plano Estatístico Analitic 2021'!B217 -> 32 | C108: ='Plano Estatístico Analitic 2021'!C217 -> 59 | D108: ='Plano Estatístico Analitic 2021'!D217 -> 128 | E108: ='Plano Estatístico Analitic 2021'!E217 -> 131 | F108: ='Plano Estatístico Analitic 2021'!F217 -> 97 | G108: ='Plano Estatístico Analitic 2021'!G217 -> 89 | H108: ='Plano Estatístico Analitic 2021'!H217 -> 169 | I108: ='Plano Estatístico Analitic 2021'!I217 -> 197 | ... O108: ='Plano Estatístico Analitic 2021'!O217 -> 129.58333
A109: Nº de Exames de Ecocardiograma | B109: ='Plano Estatístico Analitic 2021'!B218 -> 34 | C109: ='Plano Estatístico Analitic 2021'!C218 -> 29 | D109: ='Plano Estatístico Analitic 2021'!D218 -> 93 | E109: ='Plano Estatístico Analitic 2021'!E218 -> 117 | F109: ='Plano Estatístico Analitic 2021'!F218 -> 100 | G109: ='Plano Estatístico Analitic 2021'!G218 -> 79 | H109: ='Plano Estatístico Analitic 2021'!H218 -> 173 | I109: ='Plano Estatístico Analitic 2021'!I218 -> 95 | ... O109: ='Plano Estatístico Analitic 2021'!O218 -> 94.25
A110: Nº de Exames de Eletrocardiograma | B110: ='Plano Estatístico Analitic 2021'!B219 -> 105 | C110: ='Plano Estatístico Analitic 2021'!C219 -> 109 | D110: ='Plano Estatístico Analitic 2021'!D219 -> 198 | E110: ='Plano Estatístico Analitic 2021'!E219 -> 161 | F110: ='Plano Estatístico Analitic 2021'!F219 -> 222 | G110: ='Plano Estatístico Analitic 2021'!G219 -> 159 | H110: ='Plano Estatístico Analitic 2021'!H219 -> 198 | I110: ='Plano Estatístico Analitic 2021'!I219 -> 176 | ... O110: ='Plano Estatístico Analitic 2021'!O219 -> 174
A111: Nº de Exames de Eletroencefalograma | B111: ='Plano Estatístico Analitic 2021'!B220 -> 62 | C111: ='Plano Estatístico Analitic 2021'!C220 -> 58 | D111: ='Plano Estatístico Analitic 2021'!D220 -> 92 | E111: ='Plano Estatístico Analitic 2021'!E220 -> 58 | F111: ='Plano Estatístico Analitic 2021'!F220 -> 123 | G111: ='Plano Estatístico Analitic 2021'!G220 -> 84 | H111: ='Plano Estatístico Analitic 2021'!H220 -> 108 | I111: ='Plano Estatístico Analitic 2021'!I220 -> 112 | ... O111: ='Plano Estatístico Analitic 2021'!O220 -> 88.583333
A112: Nº de Exames de Eletroneuromiografia | B112: ='Plano Estatístico Analitic 2021'!B221 -> 8 | C112: ='Plano Estatístico Analitic 2021'!C221 -> 70 | D112: ='Plano Estatístico Analitic 2021'!D221 -> 36 | E112: ='Plano Estatístico Analitic 2021'!E221 -> 39 | F112: ='Plano Estatístico Analitic 2021'!F221 -> 92 | G112: ='Plano Estatístico Analitic 2021'!G221 -> 24 | H112: ='Plano Estatístico Analitic 2021'!H221 -> 56 | I112: ='Plano Estatístico Analitic 2021'!I221 -> 79 | ... O112: ='Plano Estatístico Analitic 2021'!O221 -> 54.166667
A113: Nº de Exames de Teste Ergométrico | B113: ='Plano Estatístico Analitic 2021'!B222 -> 31 | C113: ='Plano Estatístico Analitic 2021'!C222 -> 63 | D113: ='Plano Estatístico Analitic 2021'!D222 -> 65 | E113: ='Plano Estatístico Analitic 2021'!E222 -> 76 | F113: ='Plano Estatístico Analitic 2021'!F222 -> 52 | G113: ='Plano Estatístico Analitic 2021'!G222 -> 75 | H113: ='Plano Estatístico Analitic 2021'!H222 -> 44 | I113: ='Plano Estatístico Analitic 2021'!I222 -> 73 | ... O113: ='Plano Estatístico Analitic 2021'!O222 -> 58.333333
A114: Nº de Exames de Holter | B114: ='Plano Estatístico Analitic 2021'!B223 -> 17 | C114: ='Plano Estatístico Analitic 2021'!C223 -> 47 | D114: ='Plano Estatístico Analitic 2021'!D223 -> 60 | E114: ='Plano Estatístico Analitic 2021'!E223 -> 43 | F114: ='Plano Estatístico Analitic 2021'!F223 -> 69 | G114: ='Plano Estatístico Analitic 2021'!G223 -> 85 | H114: ='Plano Estatístico Analitic 2021'!H223 -> 45 | I114: ='Plano Estatístico Analitic 2021'!I223 -> 65 | ... O114: ='Plano Estatístico Analitic 2021'!O223 -> 60.666667
A115: Nº de Exames de Imitanciometria | B115: ='Plano Estatístico Analitic 2021'!B224 -> 59 | C115: ='Plano Estatístico Analitic 2021'!C224 -> 130 | D115: ='Plano Estatístico Analitic 2021'!D224 -> 90 | E115: ='Plano Estatístico Analitic 2021'!E224 -> 127 | F115: ='Plano Estatístico Analitic 2021'!F224 -> 94 | G115: ='Plano Estatístico Analitic 2021'!G224 -> 83 | H115: ='Plano Estatístico Analitic 2021'!H224 -> 104 | I115: ='Plano Estatístico Analitic 2021'!I224 -> 72 | ... O115: ='Plano Estatístico Analitic 2021'!O224 -> 91.833333
A116: Nº de Exames de Mapa | B116: ='Plano Estatístico Analitic 2021'!B225 -> 15 | C116: ='Plano Estatístico Analitic 2021'!C225 -> 72 | D116: ='Plano Estatístico Analitic 2021'!D225 -> 47 | E116: ='Plano Estatístico Analitic 2021'!E225 -> 78 | F116: ='Plano Estatístico Analitic 2021'!F225 -> 119 | G116: ='Plano Estatístico Analitic 2021'!G225 -> 126 | H116: ='Plano Estatístico Analitic 2021'!H225 -> 101 | I116: ='Plano Estatístico Analitic 2021'!I225 -> 78 | ... O116: ='Plano Estatístico Analitic 2021'!O225 -> 81.416667
A117: Nº de Exames de Raio-x Digital | B117: ='Plano Estatístico Analitic 2021'!B226 -> 769 | C117: ='Plano Estatístico Analitic 2021'!C226 -> 652 | D117: ='Plano Estatístico Analitic 2021'!D226 -> 625 | E117: ='Plano Estatístico Analitic 2021'!E226 -> 718 | F117: ='Plano Estatístico Analitic 2021'!F226 -> 1059 | G117: ='Plano Estatístico Analitic 2021'!G226 -> 721 | H117: ='Plano Estatístico Analitic 2021'!H226 -> 1181 | I117: ='Plano Estatístico Analitic 2021'!I226 -> 964 | ... O117: ='Plano Estatístico Analitic 2021'!O226 -> 866.25
... A132: Tomografia Computadorizada | B132: ='Plano Estatístico Analitic 2021'!B241 -> 5 | C132: ='Plano Estatístico Analitic 2021'!C241 -> 19 | D132: ='Plano Estatístico Analitic 2021'!D241 -> 35 | E132: ='Plano Estatístico Analitic 2021'!E241 -> 45 | F132: ='Plano Estatístico Analitic 2021'!F241 -> 96 | G132: ='Plano Estatístico Analitic 2021'!G241 -> 69 | H132: ='Plano Estatístico Analitic 2021'!H241 -> 4 | I132: ='Plano Estatístico Analitic 2021'!I241 -> 17 | ... O132: ='Plano Estatístico Analitic 2021'!O241 -> 34.333333
A133: Total | B133: =SUM(B106:B132) -> 1898 | C133: =SUM(C106:C132) -> 2261 | D133: =SUM(D106:D132) -> 3003 | E133: =SUM(E106:E132) -> 4615 | F133: =SUM(F106:F132) -> 6383 | G133: =SUM(G106:G132) -> 7132 | H133: =SUM(H106:H132) -> 6079 | I133: =SUM(I106:I132) -> 7862 | ... O133: =SUM(O106:O132) -> 6014.2379
